 Dungeon Crawl Stone Soup version 0.30-a0-870-gc5d4c5acee (webtiles) character file.

Game seed: 12227921900450703653

10397007 runemasterragnar the Petrodigitator (level 27, 176/199 HPs)
             Began as a Gargoyle Earth Elementalist on Mar 6, 2023.
             Was the Champion of Vehumet.
             Escaped with the Orb
             ... and 15 runes on Mar 12, 2023!
             The game lasted 11:01:41 (162360 turns).

runemasterragnar the Petrodigitator (GrEE)        Turns: 162360, Time: 11:01:42

Health: 176/199    AC: 61    Str: 14    XL:     27
Magic:  47/69      EV:  8    Int: 40    God:    Vehumet [******]
Gold:   14089      SH: 18    Dex:  9    Spells: 3/80 levels left

rFire   + + +      SeeInvis +    b - +6 Majin-Bo {spellvamp, MP+6 Int+6}
rCold   + + +      Faith    .    i - +3 warlock's mirror {omnireflect}
rNeg    + + +      Spirit   .    T - +8 orange crystal plate armour {Archmagi, Int+3 Clar}
rPois   ∞          Reflect  +    z - -2 hat of the Alchemist {rElec rPois rF+ rC+ rN+ Will+ rMut rCorr}
rElec   +          Rampage  .    R - scarf {repulsion}
rCorr   +          Archmagi +    O - +2 pair of gloves {Stlth+}
rMut    +          Clarity  +    Y - +4 pair of boots "Kouj" {rC++ Stlth+}
Will    +++++                    d - amulet of reflection Stlth
                                 A - ring of Susidghuyn {rC++ rN+ MP+9}
HPRegen 0.53/turn                E - ring "Suwydgh" {rElec rF+ rC+ Will+ SInv}
MPRegen 0.41/turn

@: flying, studying 4 skills, repel missiles
A: sickness immunity, AC +20, big wings, negative energy resistance 1,
electricity resistance, torment resistance 1, petrification resistance, clever
1, deformed body, fire resistance 1, strong-willed 1, sense surroundings 1
0: Orb of Zot
}: 15/15 runes: decaying, slimy, silver, golden, iron, obsidian, icy, bone,
abyssal, demonic, glowing, magical, fiery, dark, gossamer
a: Renounce Religion


You escaped.
You worshipped Vehumet.
Vehumet was exalted by your worship.
You visited 18 branches of the dungeon, and saw 88 of its levels.
You visited Pandemonium 6 times, and saw 13 of its levels.
You visited the Abyss 4 times.
You visited 2 ziggurats (completing 1), and saw 42 of their levels.
You also visited: Trove, Gauntlet, Ice Cave and Wizlab.

You collected 17065 gold pieces.
You spent 2976 gold pieces at shops.

Inventory:

Hand Weapons
 b - the +6 Majin-Bo (weapon) {spellvamp, MP+6 Int+6}
   (You found it on level 20 of a ziggurat)

   Int:       It affects your intelligence (+6).
   MP:        It affects your magic capacity (+6).
Armour
 i - the +3 warlock's mirror (worn) {omnireflect}
   (You found it in a treasure trove)

   Omnireflect: It can block and reflect piercing ranged attacks and magical
   attacks against the wielder's willpower.
 m - the +2 hat of the Bear Spirit {Spirit, Bear, *Rage Will++}
   (You found it on level 11 of a ziggurat)

   Bear:      Going berserk makes the wearer tougher, and they're slowed less
   afterward.
   *Rage:     It berserks you when you make melee attacks (+20% chance).
   Will:      It greatly increases your willpower.
 z - the -2 hat of the Alchemist (worn) {rElec rPois rF+ rC+ rN+ Will+ rMut rCorr}
   (You found it on level 5 of the Pits of Slime)

   rF:        It protects you from fire.
   rC:        It protects you from cold.
   rElec:     It insulates you from electricity.
   rPois:     It protects you from poison.
   rN:        It protects you from negative energy.
   rCorr:     It protects you from acid and corrosion.
   rMut:      It protects you from mutation.
   Will:      It increases your willpower.
 O - a +2 pair of gloves of stealth (worn)
 R - a scarf of repulsion (worn)
 T - the +8 orange crystal plate armour (worn) {Archmagi, Int+3 Clar}
   (You found it on level 12 of a ziggurat)

   Int:       It affects your intelligence (+3).
   Clar:      It protects you against confusion.
 Y - the +4 pair of boots "Kouj" (worn) {rC++ Stlth+}
   (You found it on level 3 of the Elven Halls)

   rC:        It greatly protects you from cold.
   Stlth:     It makes you more stealthy.
Magical Staves
 n - a staff of earth
Jewellery
 d - an amulet of reflection (around neck)
 q - an amulet of faith
 A - the ring of Susidghuyn (left hand) {rC++ rN+ MP+9}
   (You took it off a vampire mage on level 3 of the Crypt)

   [ring of positive energy]

   rC:        It greatly protects you from cold.
   rN:        It protects you from negative energy.
   MP:        It affects your magic capacity (+9).
 E - the ring "Suwydgh" (right hand) {rElec rF+ rC+ Will+ SInv}
   (You found it on level 3 of the Tomb of the Ancients)

   [ring of see invisible]

   rF:        It protects you from fire.
   rC:        It protects you from cold.
   rElec:     It insulates you from electricity.
   SInv:      It lets you see invisible.
   Will:      It increases your willpower.
 J - a ring of wizardry
Wands
 a - a wand of charming (19)
 e - a wand of mindburst (28)
 l - a wand of acid (5)
 p - a wand of iceblast (11)
 y - a wand of flame (107)
 W - a wand of polymorph (15)
 Z - a wand of digging (18)
Scrolls
 f - a scroll of silence
 k - 2 scrolls of magic mapping
 r - 4 scrolls of enchant weapon
 B - 11 scrolls of fear
 G - 29 scrolls of teleportation
 M - 19 scrolls of fog
 P - 4 scrolls of blinking
 S - 3 scrolls of amnesia
Potions
 c - 11 potions of mutation
 h - 34 potions of curing
 t - 2 potions of brilliance
 v - 13 potions of might
 x - 2 potions of invisibility
 C - 10 potions of ambrosia
 D - 2 potions of magic
 F - 10 potions of resistance
 I - 16 potions of cancellation
Miscellaneous
 g - a phantom mirror
 j - a phantom mirror
 o - a condenser vane
 s - a phantom mirror
 u - a phantom mirror
 w - a phantom mirror
 H - a phantom mirror
 K - a +1 figurine of a ziggurat
 L - a box of beasts
 N - a phantom mirror
 Q - a phantom mirror
 U - a tin of tremorstones (2/2)
 V - a phantom mirror
 X - a phial of floods


   Skills:
 O Level 27 Fighting
 - Level 5.3 Staves
 O Level 27 Armour
 * Level 20.3 Dodging
 - Level 2.1 Stealth
 O Level 27 Shields
 O Level 27 Spellcasting
 O Level 27 Conjurations
 + Level 12.0 Hexes
 O Level 27 Summonings
 + Level 13.4 Necromancy
 + Level 12.0 Translocations
 - Level 6.5 Transmutations
 O Level 27 Ice Magic
 O Level 27 Earth Magic
 - Level 14.0 Evocations


You had 3 spell levels left.
You knew the following spells:

 Your Spells              Type           Power      Damage    Failure   Level
a - Sandblast             Erth           100%       2d20      0%          1
b - Passwall              Tmut/Erth      100%       N/A       0%          2
c - Stone Arrow           Conj/Erth      100%       3d13      0%          3
d - Petrify               Tmut/Erth      100%       N/A       1%          4
e - Animate Armour        Summ/Erth      100%       N/A       0%          4
f - Lehudib's Crystal Sp  Conj/Erth      79%        10d18     1%          8
g - Lee's Rapid Deconstr  Erth           79%        3d35*     0%          5
h - Shatter               Erth           79%        3d58*     3%          9
i - Borgnjor's Vile Clut  Necr/Erth      72%        N/A       1%          5
j - Spellforged Servitor  Conj/Summ      79%        N/A       1%          7
k - Dragon's Call         Summ           79%        N/A       12%         9
l - Blink                 Tloc           100%       N/A       1%          2
m - Summon Cactus Giant   Summ           79%        N/A       1%          6
n - Summon Guardian Gole  Hex/Summ       100%       N/A       0%          3
o - Polar Vortex          Ice            79%        N/A       3%          9

Your spell library contained the following spells:

 Spells                   Type           Power      Damage    Failure   Level
 Freeze                   Ice            100%       1d10      0%          1
 Kiss of Death            Conj/Necr      100%       2d13      0%          1
 Magic Dart               Conj           100%       1d8       0%          1
 Summon Small Mammal      Summ           100%       N/A       0%          1
 Call Imp                 Summ           100%       N/A       0%          2
 Ensorcelled Hibernation  Hex/Ice        100%       N/A       0%          2
 Momentum Strike          Conj/Tloc      100%       3d10      0%          2
 Searing Ray              Conj           100%       2d8       0%          2
 Call Canine Familiar     Summ           100%       N/A       0%          3
 Dazzling Flash           Conj/Hex       100%       N/A       0%          3
 Frozen Ramparts          Ice            100%       1d16      0%          3
 Hailstorm                Conj/Ice       100%       3d20      0%          3
 Ozocubu's Armour         Ice            100%       N/A       0%          3
 Foxfire                  Conj/Fire      100%       2x1d9     1%          1
 Necrotise                Necr           100%       1d9       1%          1
 Shock                    Conj/Air       100%       1d9       1%          1
 Slow                     Hex            100%       N/A       1%          1
 Sting                    Tmut/Pois      100%       1d8       1%          1
 Lesser Beckoning         Tloc           100%       N/A       1%          2
 Static Discharge         Conj/Air       100%       2-7/arc   1%          2
 Wereblood                Tmut           100%       N/A       1%          2
 Confusing Touch          Hex            100%       N/A       1%          3
 Gell's Gravitas          Tloc           100%       N/A       1%          3
 Inner Flame              Hex/Fire       100%       N/A       1%          3
 Kindle Blastsparks       Fire/Tloc/Air  100%       2d18      1%          3
 Mephitic Cloud           Conj/Pois/Air  100%       N/A       1%          3
 Portal Projectile        Hex/Tloc       100%       N/A       1%          3
 Teleport Other           Tloc           100%       N/A       1%          3
 Tukima's Dance           Hex            100%       N/A       1%          3
 Vampiric Draining        Necr           100%       2d13      1%          3
 Vhi's Electric Charge    Tloc/Air       100%       N/A       1%          3
 Ignite Poison            Fire/Tmut/Pois 82%        N/A       2%          3
 Poisonous Vapours        Pois/Air       100%       N/A       3%          2
 Scorch                   Fire           100%       2d10      3%          2
 Spider Form              Tmut/Pois      88%        N/A       6%          3
 Swiftness                Air            69%        N/A       22%         3
 Summon Ice Beast         Ice/Summ       100%       N/A       0%          4
 Iskenderun's Battlesphe  Conj           100%       2d15      0%          5
 Iron Shot                Conj/Erth      79%        9d14      0%          6
 Anguish                  Hex/Necr       62%        N/A       1%          4
 Animate Dead             Necr           100%       N/A       1%          4
 Cause Fear               Hex            61%        N/A       1%          4
 Dispel Undead            Necr           100%       3d31      1%          4
 Flame Wave               Conj/Fire      100%       2d21      1%          4
 Fulminant Prism          Conj/Hex       71%        3d29      1%          4
 Ice Form                 Ice/Tmut       100%       N/A       1%          4
 Iskenderun's Mystic Bla  Conj/Tloc      100%       2d19      1%          4
 Leda's Liquefaction      Hex/Erth       71%        N/A       1%          4
 Manifold Assault         Tloc           100%       N/A       1%          4
 Passage of Golubria      Tloc           100%       N/A       1%          4
 Sticky Flame             Conj/Fire      100%       2d11      1%          4
 Summon Lightning Spire   Summ/Air       100%       N/A       1%          4
 Agony                    Necr           100%       N/A       1%          5
 Arcjolt                  Conj/Air       63%        1d73      1%          5
 Fireball                 Conj/Fire      63%        3d24      1%          5
 Freezing Cloud           Conj/Ice/Air   69%        6-21      1%          5
 Irradiate                Conj/Tmut      68%        3d34      1%          5
 Lightning Bolt           Conj/Air       63%        1d87      1%          5
 Metabolic Englaciation   Hex/Ice        71%        N/A       1%          5
 Summon Forest            Summ/Tloc      71%        N/A       1%          5
 Summon Mana Viper        Hex/Summ       100%       N/A       1%          5
 Yara's Violent Unravell  Hex/Tmut       56%        3d21      1%          5
 Conjure Ball Lightning   Conj/Air       63%        3x3d23    1%          6
 Simulacrum               Ice/Necr       72%        N/A       1%          6
 Starburst                Conj/Fire      63%        6d17      1%          6
 Haunt                    Necr/Summ      72%        N/A       1%          7
 Orb of Destruction       Conj           79%        9d18      1%          7
 Ozocubu's Refrigeration  Ice            79%        4d25      1%          7
 Summon Hydra             Summ           79%        N/A       1%          7
 Death Channel            Necr           63%        N/A       4%          6
 Dispersal                Tloc           61%        N/A       9%          6
 Blade Hands              Tmut           51%        N/A       14%         5
 Airstrike                Air            34%        2d(5-21)  19%         4
 Olgreb's Toxic Radiance  Pois           69%        N/A       19%         4
 Silence                  Hex/Air        50%        N/A       19%         5
 Enfeeble                 Hex            61%        N/A       43%         7
 Alistair's Intoxication  Tmut/Pois      58%        N/A       50%         5
 Eringya's Noxious Bog    Tmut/Pois      44%        N/A       58%         6
 Borgnjor's Revivificati  Necr           63%        N/A       91%         8
 Infestation              Necr           63%        N/A       91%         8
 Discord                  Hex            61%        N/A       98%         8
 Disjunction              Tloc           61%        N/A       98%         8
 Dragon Form              Tmut           51%        N/A       99%         7
 Chain Lightning          Conj/Air       63%        3d84      99%         9
 Fire Storm               Conj/Fire      63%        8d16      99%         9
 Storm Form               Tmut/Air       44%        N/A       100%        7
 Ignition                 Fire           34%        3d11      100%        8
 Maxwell's Capacitive Co  Air            34%        ∞         100%        8
 Necromutation            Tmut/Necr      58%        N/A       100%        8
 Death's Door             Necr           63%        N/A       100%        9
 Cigotuvi's Dreadful Rot  Necr/Pois/Air  Unusable   N/A       N/A         2
 Sublimation of Blood     Necr           Unusable   N/A       N/A         2

Dungeon Overview and Level Annotations

Branches:
Dungeon (15/15)            Temple (1/1) D:4            Lair (5/5) D:10
  Swamp (4/4) Lair:3       Spider (4/4) Lair:3        Slime (5/5) Lair:5
    Orc (2/2) D:12            Elf (3/3) Orc:2        Vaults (5/5) D:13
  Crypt (3/3) Vaults:3       Tomb (3/3) Crypt:3      Depths (4/4) D:15
   Hell (visited)             Dis (7/7) Hell            Geh (7/7) Hell
    Coc (7/7) Hell            Tar (7/7) Hell            Zot (5/5) Depths:4
  IceCv (visited)          WizLab (visited)         Gauntlet (visited)

Altars:
Ashenzari
Cheibriados
Elyvilon
Fedhas
Gozag
Hepliaklqana
Kikubaaqudgha
Makhleb
Nemelex Xobeh
Okawaru
Ru
Sif Muna
Trog
Vehumet
Wu Jian
Xom
Yredelemnul
Zin
The Shining One
Jiyva

Shops:
D:8 :   D:12 [(   D:15 (**   Orc:2 **?:[   Elf:1 ?   Vaults:2 *   Vaults:3 (
Vaults:4 [(?(?   Depths:1 [   Depths:2 (   Depths:3 =:=:   Depths:4 =!

Portals:
Hell: Depths:1 Depths:2 Depths:3 Depths:4
Abyss: Depths:1 Depths:3
Pandemonium: Depths:1 Depths:2

Annotations:
Orc:1 2 transporters, Zoap's ghost, journeyman MiBe
Vaults:1 3 runed translucent doors, Feshunla's ghost, adept KoEn


Innate Abilities, Weirdness & Mutations

You are immune to sickness and miasma.
Your stone body is resilient. (AC +20)
You are immune to poison.
Your large and strong wings let you fly.
You resist negative energy. (rN+)
You are resistant to electric shocks. (rElec)
You are resistant to unholy torment.
You are immune to petrification.
Your mind is acute. (Int +4, Str/Dex -1)
Armour fits poorly on your strangely shaped body.
Your flesh is heat resistant. (rF+)
You are strong-willed. (Will+)
You passively map a small area around you.


Message History

Unknown command.
An Executioner comes into view.
The Executioner gestures.
The Executioner seems to speed up.
Casting: Lehudib's Crystal Spear (mildly dangerous; 1% risk of failure)
Confirm with . or Enter, or press ? or * to list all spells.
Aiming: Lehudib's Crystal Spear (mildly dangerous; 1% risk of failure)
Press: ? - help, Shift-Dir - straight line, f - Executioner
Aim: an Executioner (fast, 76% to hit)
You feel a surge of power!
The crystal spear hits the Executioner!!!!
You kill the Executioner!
Vehumet accepts your kill.
You feel your power returning.
Unknown command.
A red devil comes into view. It is wielding a +0 trident.
There is a staircase leading out of the dungeon here.
Casting: Lehudib's Crystal Spear (mildly dangerous; 1% risk of failure)
Confirm with . or Enter, or press ? or * to list all spells.
Aiming: Lee's Rapid Deconstruction (safe; 0% risk of failure)
Press: ? - help, Dir - move target A rock wall.
You feel a surge of power!
The wall shatters!
The blast of rock fragments hits the red devil!!
The red devil is almost dead.
Unknown command.
Casting: Lee's Rapid Deconstruction (safe; 0% risk of failure)
Confirm with . or Enter, or press ? or * to list all spells.
You feel a surge of power!
The dungeon rumbles!
Ka-crash!
Casting: Shatter (dangerous; 3% risk of failure)
Confirm with . or Enter, or press ? or * to list all spells.
You feel a surge of power!
The dungeon rumbles!
You kill the red devil!
Vehumet accepts your kill.
You feel your power returning.
Ka-crash!
You hear a hideous shriek!
You can't go down here!
You have escaped!

# #######...#.....##.##.##.#....
####...............#..##.##.#....
##...........................†...
##.#....#.#...........#.#.#.#)...
##.####....#...#)##..#......#....
.....##....#................#####
.#.#.##.#..#..#...#..#..#.#.#
.#.#.##..###.........###....#####
...#.###......#.@........###.....
.###.###.#....#...#.....####.####
.###.##........#.#..............#
........##......#.....#.####.##..
#.##.##.#....[..........# #.####
...#.##......#......#..## #.....
............##.....#...# ######
...#.##.....#.#...#....# #
.........#..###...###..#


There were no monsters in sight!

Vanquished Creatures
  Cerebov (Pan)
  Antaeus (Coc:7)
  Asmodeus (Geh:7)
  the Royal Jelly (Slime:5)
  Gloorx Vloq (Pan)
  the Serpent of Hell (Tar:7)
  A seraph (Pan)
  4 dread liches
  Dispater (Dis:7)
  3 orbs of fire (Zot:5)
  13 ancient liches
  A juggernaut (Depths:3)
  30 royal mummies
  Boris (Tomb:3)
  Sojobo (Vaults:2)
  6 shard shrikes
  44 pandemonium lords
  Saint Roka (Elf:3)
  22 Killer Klowns
  Geryon (Hell)
  4 golden dragons
  7 caustic shrikes
  7 curse toes
  11 profane servitors
  the Enchantress (Depths:2)
  Arachne (Spider:2)
  6 pearl dragons
  19 bone dragons
  11 Tzitzimimeh
  17 Brimstone Fiends
  20 Hell Sentinels
  14 doom hounds
  15 hellephants
  7 iron giants
  5 electric golems
  An iron giant (shapeshifter) (Zig:25)
  24 Ice Fiends
  14 tentacled monstrosities
  A walking crystal tome (Depths:3)
  6 Orb Guardians
  Rupert (D:14)
  16 liches
  8 tainted leviathans
  A walking earthen tome (Depths:3)
  10 searing wretches
  10 quicksilver dragons
  A quicksilver dragon (shapeshifter) (Zig:25)
  15 titans
  6 deep elf blademasters
  6 deep elf master archers
  An eldritch tentacle (Zig:24)
  3 sphinxes (shapeshifter)
  Frances (Spider:1)
  16 acid blobs
  16 tentacled starspawn
  33 ancient champions
  6 sphinxes
  7 death cobs
  11 tengu reavers
  17 Executioners
  17 storm dragons
  5 thorn hunters
  8 shadow dragons
  9 revenants
  19 rockslimes
  3 draconian monks
  A fenstrider witch (Swamp:4)
  A rockslime (shapeshifter) (Zig:8)
  22 daevas
  17 nagarajas
  An azure jelly (shapeshifter) (Zig:25)
  3 fire giants (shapeshifter)
  16 narguns
  6 demonspawn warmongers (Pan)
  4 draconian knights
  36 balrugs
  5 iron dragons
  A fenstrider witch (shapeshifter) (Zig:24)
  8 frost giants
  12 vault wardens
  10 fire giants
  A spectral juggernaut (Zig:26)
  9 quicksilver elementals
  13 deep elf sorcerers
  An iron dragon (shapeshifter) (Zig:23)
  5 draconian scorchers
  19 azure jellies
  3 draconian shifters
  An emperor scorpion (shapeshifter) (Zig:17)
  Louise (Elf:1)
  11 ghost moths
  21 angels
  3 deep elf elementalists (Elf:3)
  A juggernaut zombie (Zig:20)
  6 emperor scorpions
  17 stone giants
  5 shard shrike simulacra
  11 demonspawn corrupters
  10 curse skulls
  An orc warlord (Vaults:1)
  15 quicksilver oozes
  A caustic shrike zombie (Zig:21)
  3 draconian stormcallers
  16 ghouls
  15 reapers
  5 spriggan defenders
  23 war gargoyles
  5 cacodemons (Pan)
  27 ironbound preservers
  4 caustic shrike skeletons
  25 very ugly things
  22 ophanim
  2 draconian annihilators
  9 ironbound thunderhulks
  3 broodmothers
  5 demonspawn blood saints
  30 apis
  9 green draconians
  A stone giant (shapeshifter) (Zig:24)
  5 black draconians
  2 eleionomae (shapeshifter)
  A demonspawn black sun (Pan)
  17 elemental wellsprings
  6 eleionomae
  10 deep elf annihilators
  2 spectral titans
  18 vampire knights
  21 dire elephants
  3 yellow draconians
  23 putrid mouths
  8 white draconians
  12 wendigos
  8 bennus
  21 spark wasps
  16 deep elf demonologists
  25 lorocyprocas
  26 iron golems
  2 purple draconians
  9 eidola
  A dire elephant (shapeshifter) (Zig:23)
  7 red draconians
  3 bunyips
  9 ettins
  7 nameless horrors
  An ettin (shapeshifter) (Zig:23)
  Snorg (D:13)
  3 merfolk javelineers
  11 blizzard demons
  6 green deaths
  31 mummy priests
  15 yaktaur captains
  2 merfolk impalers
  8 deep elf death magi
  14 deep elf high priests
  A crystal guardian (Zig:18)
  A quicksilver dragon zombie (Zig:21)
  6 fire dragons
  A spectral spriggan (Tar:4)
  14 great orbs of eyes
  4 shambling mangroves
  15 jiangshi
  13 entropy weavers
  29 vault guards
  A peacekeeper (Vaults:3)
  17 hydras
  33 salamander tyrants
  5 ironbound frosthearts
  6 caustic shrike simulacra
  3 hell beasts
  2 radroaches (Zig:10)
  4 jorogumos
  An Orb Guardian zombie (Crypt:3)
  7 juggernaut simulacra
  A catoblepas (shapeshifter) (Zig:23)
  2 death knights
  4 ice dragons
  10 alligators
  2 ogre magi
  12 spriggan air magi
  A rakshasa (Depths:3)
  9 two-headed ogres
  Erica (Lair:2)
  A catoblepas (Abyss:4)
  An anaconda (shapeshifter) (Zig:23)
  8 anacondas
  4 ghost crabs
  A spectral stone giant (Tar:2)
  An alligator snapping turtle (Zig:14)
  6 stokers
  4 death yaks (Lair:3)
  A spectral sphinx (Zig:26)
  35 dancing weapons
  6 centaur warriors
  16 hell hogs
  11 boulder beetles
  5 deep troll shamans
  2 tengu warriors
  7 deep troll earth magi
  A merfolk aquamancer (Zig:14)
  30 death scarabs
  10 vampire magi
  10 naga warriors
  A spectral dire elephant (Tar:4)
  2 orc high priests (Orc:2)
  16 thrashing horrors
  24 deep elf knights
  11 naga sharpshooters
  7 spriggan berserkers
  14 shock serpents
  A titan zombie (Abyss:1)
  28 soul eaters
  An emperor scorpion zombie (Crypt:3)
  17 hell knights
  A bunyip zombie (Tomb:3)
  3 crystal echidnas
  96 sun demons
  4 death drakes
  5 iron trolls (shapeshifter)
  A salamander mystic (Zig:19)
  2 titan skeletons (Zig:21)
  18 wretched stars
  A storm dragon zombie (Zig:21)
  A skyshark (shapeshifter) (Zig:8)
  5 spatial maelstroms
  7 iron trolls
  18 cherubim
  A fire crab (shapeshifter) (Zig:7)
  29 skeletal warriors
  7 shadow wraiths
  4 pharaoh ants
  2 sea snakes (shapeshifter)
  14 sixfirhies
  11 orb spiders
  6 spriggan druids
  6 goliath frogs
  6 quicksilver dragon simulacra
  An anaconda zombie (Tomb:2)
  2 glowing orange brains (shapeshifter)
  73 deep trolls
  2 orb spiders (shapeshifter) (Zig:24)
  8 flayed ghosts
  3 sun moths
  10 swamp dragons
  A storm dragon skeleton (Zig:20)
  8 glowing orange brains
  4 naga ritualists
  3 spriggan simulacra
  Pikel (D:7)
  9 bog bodies
  2 spectral hydras (Swamp:4)
  2 orange crystal statues
  8 lindwurms
  8 wizards
  14 deep elf archers
  A shadow dragon zombie (Zig:20)
  3 tengu zombies
  11 shadow demons (Pan)
  21 phantasmal warriors
  A bunyip skeleton (Pan)
  10 necromancers
  2 sphinx zombies (Zig:20)
  3 obsidian statues (Zig:8)
  2 golden dragon skeletons
  19 ironbound convokers
  An iron dragon zombie (Zig:21)
  A jorogumo zombie (Crypt:3)
  35 deep elf zephyrmancers
  26 starcursed masses
  9 orc knights
  3 mana vipers
  6 steelbarb worms
  3 anaconda skeletons
  7 harpies (Zig:3)
  15 wolf spiders
  2 mana vipers (shapeshifter)
  12 shining eyes
  A stone giant zombie (D:15)
  7 orc sorcerers
  3 oklob plants (Swamp:4)
  A draconian zombie (Zot:3)
  2 shadow dragon skeletons
  A cyclops (shapeshifter) (Zig:23)
  A faun (shapeshifter) (Zig:18)
  6 worldbinders
  25 ugly things
  31 deep elf pyromancers
  A salamander (shapeshifter) (Zig:25)
  5 fire giant zombies
  A moth of wrath (shapeshifter) (Zig:25)
  3 salamanders (Zig:27)
  A manticore (shapeshifter) (Vaults:5)
  4 cyclopes
  26 moths of wrath
  5 will-o-the-wisps
  2 manticores
  A stone giant skeleton (Vaults:3)
  A frost giant skeleton (Vaults:2)
  10 rust devils
  15 guardian serpents
  A human skeleton (Vaults:3)
  5 ice statues
  2 centaur zombies (Hell)
  A dire elephant zombie (Crypt:1)
  18 demonic crawlers
  17 apocalypse crabs
  14 vault sentinels
  An eye of devastation (Zig:5)
  7 elephants
  15 torpor snails
  10 naga magi
  67 smoke demons
  7 titan simulacra
  A guardian serpent (shapeshifter) (D:15)
  A naga zombie (Tomb:2)
  A storm dragon simulacrum (Crypt:3)
  34 orange demons (Pan)
  An unseen horror (Pan)
  6 gargoyles
  9 cane toads
  8 molten gargoyles
  3 spectral swamp worms (Tar:7)
  36 hellions
  2 yaktaur zombies
  30 black mambas
  2 dire elephant skeletons
  Maggie (D:10)
  40 yaktaurs
  2 centaur skeletons (Pan)
  10 freezing wraiths
  28 tormentors
  11 komodo dragons
  21 rime drakes
  13 efreet
  2 alligator snapping turtle skeletons
  A kobold demonologist (D:13)
  A yellow draconian zombie (Crypt:1)
  5 anaconda simulacra
  13 ancient zymes
  3 iron giant simulacra
  A komodo dragon (shapeshifter) (D:13)
  A sea snake zombie (Hell)
  8 ice devils
  A death yak skeleton (Crypt:3)
  A bunyip simulacrum (Coc:2)
  5 hydra zombies
  11 trolls
  2 catoblepas skeletons (Abyss:4)
  3 sea snake skeletons
  2 tengu conjurers
  A golden dragon simulacrum (Coc:7)
  A harpy zombie (Crypt:1)
  61 guardian mummies
  2 silent spectres (Tar:6)
  A troll (shapeshifter) (D:15)
  5 red devils
  10 hellwings
  2 polar bears
  9 merfolk
  A merfolk (shapeshifter) (Zig:7)
  3 bloated husks
  A shadow dragon simulacrum (Coc:1)
  6 meliai
  2 meliai (shapeshifter)
  A spectral harpy (Tar:4)
  A wind drake (shapeshifter) (Zig:23)
  A tarantella (shapeshifter) (Zig:8)
  An alligator zombie (Hell)
  7 tyrant leeches
  2 wind drakes (Zig:3)
  Prince Ribbit (D:7)
  2 hydra skeletons
  37 large abominations
  A queen bee (D:11)
  32 tarantellas
  16 hornets
  A hornet (shapeshifter) (D:13)
  2 harpy skeletons
  Grinder (D:3)
  A fire dragon zombie (Crypt:1)
  2 raiju (shapeshifter)
  12 raiju
  4 dream sheep (Lair:5)
  26 blink frogs
  3 iron dragon simulacra
  A jumping spider (shapeshifter) (Zig:25)
  A dream sheep (shapeshifter) (Zig:25)
  26 flying skulls
  32 culicivoras
  28 jumping spiders
  An ice dragon skeleton (Pan)
  5 stone giant simulacra
  135 slime creatures
  Sigmund (D:3)
  7 air elementals
  A centaur simulacrum (Coc:1)
  22 spriggans
  3 naga simulacra
  4 shadows
  11 wraiths
  A slime creature zombie (Crypt:3)
  5 vampires
  6 water elementals
  A yak (shapeshifter) (D:12)
  An ettin skeleton (Crypt:3)
  2 wyverns
  3 dire elephant simulacra
  6 fire elementals
  3 humans (shapeshifter)
  2 alligator snapping turtle simulacra (Coc:3)
  2 fire bats (Pan)
  6 basilisks
  16 ushabtiu
  40 ynoxinuls
  10 golden eyes
  25 neqoxecs
  82 redbacks
  Menkaure (D:5)
  36 chaos spawn
  47 yaks
  9 steam dragons
  13 vampire mosquitoes
  Edmund (D:5)
  2 redbacks (shapeshifter)
  A skyshark zombie (Crypt:2)
  A swamp worm (shapeshifter) (Zig:25)
  A warg (Orc:2)
  6 ogre zombies
  9 nagas
  12 harpy simulacra
  25 swamp worms
  2 acid dragons
  5 two-headed ogre zombies (WizLab)
  13 water moccasins
  11 hydra simulacra
  A demonspawn skeleton (Crypt:3)
  An acid dragon (shapeshifter) (Depths:3)
  A glowing shapeshifter skeleton (Vaults:3)
  8 hell hounds
  Duvessa (D:4)
  A deep troll skeleton (Crypt:1)
  A floating eye (shapeshifter) (Zig:25)
  An ice beast (D:6)
  21 orc warriors
  6 naga skeletons
  8 swamp drakes
  A swamp drake (shapeshifter) (Elf:2)
  4 ettin simulacra
  An ice dragon simulacrum (Crypt:1)
  An ogre (shapeshifter) (D:14)
  2 sky beasts (D:7)
  A black bear (D:10)
  A great orb of eyes simulacrum (IceCv)
  13 wolves (Lair:5)
  4 boggarts (Lair:5)
  15 centaurs
  8 ogres
  A rime drake zombie (Crypt:2)
  A torpor snail zombie (Crypt:3)
  A slime creature simulacrum (IceCv)
  A manticore skeleton (Crypt:2)
  2 kobold brigands
  2 human simulacra
  13 bullfrogs
  4 necrophages
  A scorpion (D:5)
  A gnoll sergeant (D:12)
  7 glowing shapeshifter simulacra
  12 earth elementals
  7 troll zombies (WizLab)
  14 wights
  Dowan (D:4)
  18 killer bees
  2 spriggan skeletons
  6 howler monkeys
  8 electric eels
  5 lava snakes
  17 orc priests
  A jelly (Abyss:3)
  3 quasits
  Crazy Yiuf (D:4)
  3 hounds
  Jessica (D:3)
  2 iguanas (D:5)
  Ijyb (D:2)
  20 orc wizards
  A sleepcap (D:6)
  Natasha (thrice) (D:4)
  3 hell rats (Lair:4)
  3 shapeshifter simulacra (IceCv)
  3 small abominations
  An ogre skeleton (Crypt:2)
  A boggart simulacrum (D:15)
  61 mummies
  10 adders
  6 gnolls
  3 white imps
  An ufetubus (D:4)
  2 lava snake skeletons
  2 worms
  A dart slug (D:4)
  64 orcs
  A bat skeleton (Crypt:2)
  8 endoplasms
  3 giant cockroaches
  6 goblins
  6 hobgoblins
  9 jackals
  19 kobolds
  8 quokkas
  5 ball pythons
  6 bats
  4 frilled lizards
  A frilled lizard skeleton (Crypt:2)
  A giant cockroach zombie (Crypt:1)
  15 rats
  A ball lightning (Pan)
  4 briar patches (Swamp:4)
  2 creeping infernos
  4 fire vortices
  8 starspawn tentacles
4629 creatures vanquished.

Vanquished Creatures (collateral kills)
  Dissolution (Slime:4)
  Ereshkigal (Tar:7)
  Mnoleg (Pan)
  Lom Lobon (Pan)
  A dread lich (Zot:5)
  An ancient lich (WizLab)
  5 orbs of fire
  A juggernaut (Depths:3)
  15 royal mummies
  3 pandemonium lords (Pan)
  3 shard shrikes
  2 Killer Klowns (Zot:5)
  A curse toe (Zot:3)
  5 profane servitors
  4 golden dragons
  2 pearl dragons (Pan)
  4 bone dragons
  3 doom hounds
  7 hellephants
  2 iron giants
  12 Tzitzimimeh
  9 Brimstone Fiends
  9 tentacled monstrosities
  15 Orb Guardians (Zot:5)
  11 Hell Sentinels
  10 Ice Fiends
  6 liches
  2 electric golems
  A deep elf master archer (Elf:3)
  2 deep elf blademasters (Elf:3)
  2 titans
  14 tainted leviathans
  11 searing wretches
  The ghost of qeuew the Tortoise, an adept FoFi of Jiyva (Swamp:4)
  6 acid blobs
  3 tentacled starspawn
  3 sphinxes (Tomb:1)
  9 ancient champions
  3 quicksilver dragons
  An eldritch tentacle (Pan)
  6 death cobs
  Gastronok (Orc:1)
  6 Executioners (Pan)
  9 shadow dragons
  2 revenants (Tomb:1)
  3 tengu reavers
  7 storm dragons
  6 draconian monks
  18 daevas
  Donald (Swamp:4)
  3 iron dragons
  5 azure jellies
  3 narguns
  4 draconian knights
  A quicksilver elemental (Dis:7)
  11 fire giants
  6 demonspawn warmongers (Pan)
  5 emperor scorpions
  4 frost giants
  22 balrugs
  2 ghost moths
  2 shard shrike simulacra (Coc:7)
  15 draconian scorchers
  3 draconian stormcallers
  22 angels (Pan)
  8 reapers
  A vault warden (Vaults:1)
  2 demonspawn blood saints (Pan)
  3 quicksilver oozes
  15 cacodemons
  3 demonspawn corrupters (Pan)
  An ironbound thunderhulk (Vaults:4)
  7 draconian annihilators
  4 draconian shifters
  5 war gargoyles
  7 very ugly things
  16 apis (Pan)
  9 ophanim (Pan)
  2 stone giants (Depths:3)
  12 green draconians
  7 elemental wellsprings
  A spectral titan (Tar:3)
  5 white draconians
  A vampire knight (Swamp:4)
  A lorocyproca (Pan)
  15 putrid mouths
  8 black draconians
  A deep elf annihilator (Pan)
  8 yellow draconians
  3 dire elephants (Vaults:1)
  A bunyip (Swamp:2)
  A minotaur (Gauntlet)
  5 purple draconians
  8 bennus
  2 demonspawn black suns (Pan)
  15 red draconians
  5 wendigos
  9 iron golems
  3 spark wasps (Depths:3)
  An ettin (Depths:4)
  2 great orbs of eyes
  A crystal guardian (Zig:18)
  An eidolon (Tar:2)
  7 green deaths (Pan)
  8 mummy priests
  3 blizzard demons (Pan)
  2 ice dragons
  4 fire dragons
  A spectral iron giant (Tar:5)
  A hell beast (Pan)
  3 caustic shrike simulacra
  A vault guard (Vaults:3)
  A rakshasa (Pan)
  2 hydras (Swamp:4)
  4 spectral spriggans
  4 salamander tyrants
  A catoblepas (Gauntlet)
  A spriggan skeleton (Pan)
  4 stokers
  A ghost crab (Swamp:2)
  4 dancing weapons
  3 deep troll shamans
  A spectral stone giant (Tar:2)
  A death yak (Lair:3)
  34 death scarabs
  A spectral naga (Tar:1)
  A skyshark (Lair:4)
  36 hell hogs
  2 spectral dire elephants
  2 deep troll earth magi
  A spriggan berserker (Depths:3)
  A hell knight (Depths:4)
  An orc high priest (Orc:2)
  34 sun demons
  5 wretched stars
  4 thrashing horrors
  4 shadow wraiths
  2 deep elf knights
  2 crystal echidnas
  17 soul eaters
  An iron troll (Depths:3)
  8 sixfirhies (Pan)
  A spatial maelstrom (Abyss:3)
  6 skeletal warriors
  3 nameless horrors
  Amaemon (Lair:2)
  An elf simulacrum (Coc:2)
  2 swamp dragons (Swamp:4)
  7 cherubim (Pan)
  10 deep trolls
  A deep elf archer (Elf:3)
  2 flayed ghosts
  A glowing orange brain (Pan)
  4 shadow demons
  3 spriggan simulacra
  A wizard (Pan)
  A golden dragon skeleton (Pan)
  A spectral iron dragon (Tar:4)
  A necromancer (Depths:4)
  2 orc knights
  5 deep elf zephyrmancers
  An orc sorcerer (Orc:1)
  A will-o-the-wisp (Swamp:2)
  3 deep elf pyromancers
  A spectral ettin (Tar:2)
  An ugly thing (Depths:3)
  14 moths of wrath
  A spectral alligator snapping turtle (Tar:2)
  11 elephants
  2 iron dragon skeletons
  7 demonic crawlers
  An apocalypse crab (Abyss:4)
  A torpor snail (Spider:1)
  9 spectral swamp worms (Tar:7)
  2 rust devils (Pan)
  A cane toad (Lair:5)
  21 smoke demons
  5 molten gargoyles (Geh:7)
  15 orange demons
  A centaur skeleton (Pan)
  15 hellions
  A freezing wraith (Coc:7)
  A naga skeleton (Pan)
  An anaconda simulacrum (Coc:1)
  9 tormentors
  An alligator snapping turtle skeleton (Pan)
  3 red devils (Pan)
  A tengu conjurer (Depths:1)
  A yaktaur (Vaults:1)
  6 efreet
  17 guardian mummies
  A spectral harpy (Tar:1)
  2 ancient zymes
  A catoblepas skeleton (Abyss:4)
  A silent spectre (Tar:1)
  5 polar bears
  A hydra zombie (Swamp:4)
  16 hellwings
  3 raiju (Abyss:3)
  A harpy skeleton (Pan)
  3 tarantellas (Spider:1)
  3 blink frogs (Lair:4)
  5 hornets
  2 dream sheep (Lair:5)
  A stone giant simulacrum (Coc:1)
  20 slime creatures
  A culicivora (Spider:1)
  3 spectral black mambas
  A jumping spider (Spider:1)
  2 ettin skeletons (Pan)
  2 flying skulls (Tomb:2)
  A shadow (Abyss:3)
  4 spriggans
  A wraith (Abyss:3)
  14 ynoxinuls (Pan)
  3 ushabtiu (Tomb:3)
  An air elemental (Elf:1)
  5 water elementals (Coc:7)
  A dire elephant simulacrum (Coc:4)
  2 alligator snapping turtle simulacra
  A black mamba skeleton (Pan)
  20 neqoxecs
  A small abomination (Abyss:4)
  2 starcursed masses (Abyss:4)
  11 yaks
  A fire elemental (Abyss:4)
  A fire bat (Pan)
  6 redbacks
  A steam dragon (Lair:4)
  15 chaos spawn (Pan)
  3 spatial vortices (Abyss:3)
  21 large abominations
  5 harpy simulacra
  2 water moccasins (Lair:5)
  A hydra simulacrum (Swamp:4)
  A swamp drake (Swamp:4)
  3 orc warriors
  3 swamp dragon zombies (Swamp:4)
  3 wolves (Lair:5)
  2 swamp dragon skeletons
  An earth elemental (Abyss:4)
  A wight (WizLab)
  2 troll zombies (WizLab)
  A centaur zombie (Crypt:1)
  A quasit (Abyss:4)
  An orc priest (Orc:1)
  2 orc wizards (Orc:1)
  2 ogre zombies (WizLab)
  24 mummies
  2 gnolls (Orc:1)
  7 orcs
  A creeping inferno (Geh:7)
  17 fire vortices
  2 lurking horrors
  A starspawn tentacle (Zig:18)
1253 creatures vanquished.

Vanquished Creatures (others)
  7 pandemonium lords
  A Killer Klown (Zig:23)
  A profane servitor (Tar:7)
  2 hellephants
  A quicksilver dragon (shapeshifter) (Zig:24)
  A death cob (Zot:3)
  An eldritch tentacle (Pan)
  A fire giant (Depths:3)
  A draconian scorcher (Zot:3)
  A very ugly thing (Zig:24)
  A stone giant (shapeshifter) (Zig:24)
  A draconian stormcaller (Zot:3)
  A cacodemon (Pan)
  An elemental wellspring (Coc:7)
  A blizzard demon (Pan)
  2 rakshasas (Pan)
  2 juggernaut simulacra (Coc:2)
  An alligator snapping turtle (shapeshifter) (Zig:24)
  2 death scarabs
  A thrashing horror (Zig:18)
  A soul eater (Pan)
  A sun demon (Hell)
  2 sixfirhies (Pan)
  A death drake (shapeshifter) (Zig:23)
  A quicksilver dragon simulacrum (Coc:7)
  A steelbarb worm (Spider:4)
  A spriggan simulacrum (Coc:2)
  2 deep elf pyromancers
  A manticore (shapeshifter) (Zig:24)
  A moth of wrath (Zot:1)
  A smoke demon (Pan)
  2 hellions
  An ice devil (Pan)
  A blink frog (Lair:5)
  3 hornets
  An iron dragon simulacrum (Coc:2)
  A ynoxinul (Pan)
  A fire bat (Pan)
  2 chaos spawn (Pan)
  2 orc warriors
  An ettin simulacrum (Coc:7)
  A slime creature simulacrum (IceCv)
  2 orc wizards (Orc:2)
  A hell rat (Lair:4)
  16 ball lightnings
  5 briar patches (Swamp:4)
  3 creeping infernos
  16 fire vortices
  14 foxfires
  51 fungi
  129 plants
  16 starspawn tentacles
  28 withered plants
340 creatures vanquished.

Grand Total: 6222 creatures vanquished

Notes
Turn   | Place    | Note
-------+----------+-------------------------------------------
     0 | D:1      | runemasterragnar the Gargoyle Earth Elementalist began the
                  | quest for the Orb.
     0 | D:1      | Reached XP level 1. HP: 10/10 MP: 3/3
   146 | D:1      | Reached skill level 1 in Transmutations
   146 | D:1      | Reached XP level 2. HP: 16/16 MP: 3/5
   670 | D:1      | Reached skill level 1 in Fighting
   774 | D:1      | Reached XP level 3. HP: 20/20 MP: 4/6
   798 | D:1      | Learned a level 2 spell: Passwall
   802 | D:1      | Learned a level 3 spell: Stone Arrow
  1523 | D:2      | Reached skill level 1 in Conjurations
  1754 | D:2      | Reached XP level 4. HP: 24/25 MP: 5/7
  2026 | D:2      | Reached skill level 1 in Armour
  2218 | D:3      | Reached XP level 5. HP: 25/29 MP: 8/8
  2286 | D:3      | Reached skill level 1 in Staves
  2361 | D:3      | Noticed Grinder
  2373 | D:3      | Killed Grinder
  2374 | D:3      | Reached skill level 5 in Earth Magic
  2374 | D:3      | Reached skill level 1 in Evocations
  2374 | D:3      | Reached XP level 6. HP: 15/35 MP: 10/10
  2391 | D:3      | Noticed Ijyb
  2407 | D:2      | Killed Ijyb
  2813 | D:3      | Found a sacrificial altar of Ru.
  2814 | D:3      | Noticed Sigmund
  2818 | D:3      | Killed Sigmund
  2819 | D:3      | Reached XP level 7. HP: 25/40 MP: 11/11
  2913 | D:3      | Noticed Jessica
  2914 | D:3      | Killed Jessica
  3235 | D:4      | Noticed Dowan
  3245 | D:4      | Noticed Duvessa
  3278 | D:4      | Killed Duvessa
  3490 | D:4      | Killed Dowan
  3753 | D:4      | Found a staircase to the Ecumenical Temple.
  3763 | D:4      | Noticed Natasha
  3767 | Temple   | Entered the Ecumenical Temple
  3788 | Temple   | Became a worshipper of Vehumet
  3823 | D:4      | Killed Natasha
  4229 | D:4      | Noticed Natasha
  4232 | D:4      | Killed Natasha
  4254 | D:4      | Noticed Natasha
  4258 | D:4      | Killed Natasha
  4310 | D:4      | Found a glowing silver altar of Zin.
  4361 | D:4      | Found a runed translucent door.
  4362 | D:4      | Noticed Crazy Yiuf
  4368 | D:4      | Killed Crazy Yiuf
  4369 | D:4      | Reached XP level 8. HP: 40/46 MP: 13/13
  4441 | D:5      | Entered Level 5 of the Dungeon
  4644 | D:5      | Noticed Edmund
  4655 | D:5      | Gained mutation: You are partially covered in iridescent
                  | scales. (AC +2) [potion of mutation]
  4655 | D:5      | Gained mutation: Your mind is acute. (Int +4, Str/Dex -1)
                  | [potion of mutation]
  4655 | D:5      | Gained mutation: You have sharp toenails. [potion of
                  | mutation]
  4695 | D:5      | Killed Edmund
  4853 | D:5      | Found a bloodstained altar of Trog.
  5193 | D:5      | Noticed Menkaure
  5197 | D:5      | Killed Menkaure
  5274 | D:5      | Reached * piety under Vehumet
  5274 | D:5      | Offered knowledge of Shock by Vehumet.
  5653 | D:6      | Reached XP level 9. HP: 52/52 MP: 15/15
  5981 | D:6      | Found a hazy altar of Hepliaklqana.
  6532 | D:7      | Noticed Pikel
  6539 | D:7      | Killed Pikel
  6555 | D:7      | Reached ** piety under Vehumet
  6555 | D:7      | Offered knowledge of Static Discharge by Vehumet.
  6718 | D:7      | Noticed Prince Ribbit
  6722 | D:7      | Killed Prince Ribbit
  6723 | D:7      | Reached skill level 5 in Fighting
  7116 | D:8      | Identified the +5 dagger of Victory {freeze, rElec Int+5
                  | Dex-2}
  7436 | D:8      | Reached XP level 10. HP: 59/59 MP: 17/17
  7559 | D:8      | Reached skill level 5 in Conjurations
  7581 | D:8      | Reached skill level 5 in Spellcasting
  7648 | D:8      | Noticed a two-headed ogre
  7652 | D:8      | Killed a two-headed ogre
  7653 | D:8      | Reached skill level 5 in Armour
  7737 | D:8      | Found Sueraly's Vocational Training.
  7780 | D:8      | Reached skill level 10 in Earth Magic
  7946 | D:8      | Found an opulent altar of Gozag.
  7946 | D:8      | Found an ancient bone altar of Kikubaaqudgha.
  8229 | D:9      | Reached skill level 5 in Staves
  8444 | D:9      | Offered knowledge of Momentum Strike by Vehumet.
  8664 | D:9      | Noticed a cyan ugly thing
  8675 | D:9      | Killed a cyan ugly thing
  8891 | D:9      | Reached *** piety under Vehumet
  9013 | D:9      | Reached skill level 5 in Evocations
  9097 | D:9      | Found a burning altar of Makhleb.
  9120 | D:9      | Reached XP level 11. HP: 64/64 MP: 19/19
  9324 | D:9      | Found an ornate altar of the Wu Jian Council.
  9664 | D:10     | Entered Level 10 of the Dungeon
  9736 | D:10     | Found a staircase to the Lair.
  9870 | D:10     | Noticed a two-headed ogre
  9876 | D:10     | Killed a two-headed ogre
  9986 | D:10     | Offered knowledge of Olgreb's Toxic Radiance by Vehumet.
  9998 | D:10     | Learned a level 4 spell: Petrify
 10003 | D:10     | Learned a level 4 spell: Animate Armour
 10157 | D:10     | Reached skill level 1 in Summonings
 10295 | D:10     | Noticed Maggie
 10300 | D:10     | Killed Maggie
 10416 | D:10     | Found a sparkling altar of Nemelex Xobeh.
 10809 | D:11     | Found a frozen archway.
 10820 | IceCv    | Entered an ice cave
 11598 | IceCv    | Noticed a quicksilver ooze
 11611 | IceCv    | Killed a quicksilver ooze
 11684 | IceCv    | Reached **** piety under Vehumet
 12052 | IceCv    | Reached XP level 12. HP: 53/72 MP: 9/21
 12752 | IceCv    | Noticed a quicksilver ooze
 12757 | IceCv    | Killed a quicksilver ooze
 12870 | IceCv    | Found a viscous altar of Jiyva.
 12870 | IceCv    | Noticed an azure jelly
 12878 | IceCv    | Killed an azure jelly
 12879 | IceCv    | Noticed an azure jelly
 12942 | IceCv    | Killed an azure jelly
 13262 | IceCv    | Got the ring "Opuaf" {rC+ rCorr Dex+5 Stlth+}
 14254 | D:11     | Offered knowledge of Yara's Violent Unravelling by Vehumet.
 14255 | D:11     | Reached skill level 5 in Summonings
 14616 | D:12     | Found Loesixem's Armour Shoppe.
 14653 | D:12     | Reached skill level 5 in Transmutations
 14765 | D:12     | Found a staircase to the Orcish Mines.
 14767 | D:12     | Found Furicw's Weapon Shoppe.
 14804 | D:12     | Identified a scroll of acquirement
 14804 | D:12     | Acquired the +0 helmet "Xaumit" {rElec rF+ Regen+}
 15547 | D:12     | Noticed a boulder beetle
 15553 | D:12     | Killed a boulder beetle
 15554 | D:12     | Reached XP level 13. HP: 79/79 MP: 11/24
 15640 | D:12     | Identified the +1 chain mail of Satisfaction {rElec Regen+
                  | Str+2 Dex+8}
 16101 | D:13     | Noticed a vault guard
 16127 | D:13     | Killed a vault guard
 16242 | D:13     | Found a gate to the Vaults.
 16579 | D:13     | Reached skill level 1 in Shields
 16971 | D:13     | Noticed Snorg
 16979 | D:13     | Killed Snorg
 17626 | Orc:1    | Entered Level 1 of the Orcish Mines
 17633 | Orc:1    | Reached ***** piety under Vehumet
 17633 | Orc:1    | Offered knowledge of Flame Wave by Vehumet.
 17705 | Orc:2    | Entered Level 2 of the Orcish Mines
 18022 | Orc:2    | Found Jionycri's Gadget Gallery.
 18155 | Orc:2    | Found a radiant altar of Vehumet.
 18455 | Orc:2    | Learned a level 8 spell: Lehudib's Crystal Spear
 18585 | Orc:2    | Found Usienacs's Assorted Antiques.
 18617 | Orc:2    | Found Xaanam's Book Shop.
 18631 | Orc:2    | Found Daonunel's Armour Shop.
 18633 | Orc:2    | Found Juamux's Magic Scroll Shoppe.
 18641 | Orc:2    | Bought a scroll of identify for 30 gold pieces
 18808 | Orc:2    | Found a staircase to the Elven Halls.
 18996 | Orc:1    | Identified the +8 giant club of Utekhlox {elec, Int+3}
 18996 | Orc:1    | Identified the +7 great mace of the Stork {heavy, rN++
                  | Str+2}
 18996 | Orc:1    | Noticed an ettin
 18996 | Orc:1    | Noticed Gastronok
 18996 | Orc:1    | Found a transporter.
 18997 | Orc:1    | Noticed Zoap's ghost (journeyman MiBe)
 19007 | Orc:1    | Killed Gastronok
 19014 | Orc:1    | Gained mutation: Your large and strong wings let you fly.
                  | [Gargoyle growth]
 19014 | Orc:1    | Reached XP level 14. HP: 63/87 MP: 18/26
 19445 | Orc:1    | Found a transporter.
 19617 | Orc:1    | You are sucked into a shaft and drop 1 floor!
 19880 | Lair:1   | Entered Level 1 of the Lair of Beasts
 20431 | Lair:1   | Reached skill level 10 in Fighting
 20582 | Lair:1   | Identified the +1 helmet of Ysuy {rF+ rC+}
 21192 | Lair:2   | Noticed Erica
 21244 | Lair:2   | Offered knowledge of Fulminant Prism by Vehumet.
 21245 | Lair:2   | Reached skill level 5 in Shields
 21259 | Lair:2   | Noticed Amaemon
 21269 | Lair:2   | Killed Amaemon
 21859 | Lair:2   | Killed Erica
 22650 | Lair:3   | Reached skill level 15 in Earth Magic
 23460 | Lair:3   | Acquired 1106 gold pieces
 23517 | Lair:3   | Found a hole to the Spider Nest.
 23754 | Lair:3   | Found a staircase to the Swamp.
 24171 | Lair:4   | Offered knowledge of Fireball by Vehumet.
 24293 | Lair:4   | Reached XP level 15. HP: 89/93 MP: 14/28
 25554 | Lair:4   | Got the Lectures on Baneful Feathers
 25742 | Lair:5   | Entered Level 5 of the Lair of Beasts
 25782 | Lair:5   | Found a viscous altar of Jiyva.
 25783 | Lair:5   | Found a staircase to the Slime Pits.
 25804 | Lair:5   | Found a gate leading to a gauntlet.
 25865 | Gauntlet | Entered a Gauntlet
 25865 | Gauntlet | Found a transporter.
 25865 | Gauntlet | Found a transporter.
 25870 | Gauntlet | Found a transporter.
 25870 | Gauntlet | Found a transporter.
 25886 | Gauntlet | Found a transporter.
 25892 | Gauntlet | Found a transporter.
 25895 | Gauntlet | Found a transporter.
 25895 | Gauntlet | Found a transporter.
 25943 | Gauntlet | Found a transporter.
 25955 | Gauntlet | Found a transporter.
 25973 | Gauntlet | Found a transporter.
 26018 | Gauntlet | Found a transporter.
 26032 | Gauntlet | Found a transporter.
 26123 | Gauntlet | Found a transporter.
 26137 | Gauntlet | Found a transporter.
 26155 | Gauntlet | Found a transporter.
 26610 | Gauntlet | Reached skill level 10 in Spellcasting
 26612 | Gauntlet | Found the Hermit's Pendant {Faith Invo=14 Evo=0 MP+5}
 27293 | Lair:5   | Reached skill level 10 in Conjurations
 27363 | Lair:5   | Offered knowledge of Orb of Destruction by Vehumet.
 27748 | Lair:5   | Reached XP level 16. HP: 100/101 MP: 10/30
 28005 | Lair:5   | Identified the +3 morningstar of Suqics {flame, rN+ rCorr
                  | Stlth-}
 28139 | Lair:5   | Got the Elucidation of Air and the Chill
 28439 | Swamp:1  | Entered Level 1 of the Swamp
 31022 | Swamp:3  | Offered knowledge of Lee's Rapid Deconstruction by Vehumet.
 31029 | Swamp:3  | Learned a level 5 spell: Lee's Rapid Deconstruction
 32172 | Swamp:4  | Entered Level 4 of the Swamp
 32172 | Swamp:4  | Noticed Donald
 32218 | Swamp:4  | Noticed a fenstrider witch
 32227 | Swamp:4  | Paralysed by a fenstrider witch for 4 turns
 32232 | Swamp:4  | Killed a fenstrider witch
 32486 | Swamp:4  | HP: 3/101 [something (3)]
 32493 | Swamp:4  | Noticed a thorn hunter
 32913 | Swamp:4  | Reached ****** piety under Vehumet
 33231 | Swamp:4  | Reached XP level 17. HP: 25/106 MP: 31/32
 33582 | Swamp:4  | Reached skill level 10 in Shields
 33878 | Swamp:4  | Offered knowledge of Freezing Cloud by Vehumet.
 34143 | Swamp:4  | Found a basalt altar of Yredelemnul.
 34155 | Swamp:4  | Got a decaying rune of Zot
 34368 | Swamp:4  | Found a blossoming altar of Fedhas.
 34660 | Swamp:4  | Found a shimmering altar of Xom.
 35057 | Swamp:4  | Identified the +1 war axe "Cisoeg" {protect, Int+4 SInv}
 35351 | Swamp:4  | Found a runed translucent door.
 35353 | Swamp:4  | Noticed qeuew's ghost (adept FoFi)
 35364 | Swamp:4  | Killed Donald
 36046 | Swamp:4  | Killed qeuew's ghost
 36330 | Spider:1 | Entered Level 1 of the Spider Nest
 37063 | Spider:1 | Upgraded the game from 0.30-a0-859-gf88a04b62d to
                  | 0.30-a0-860-g512cf1e979
 37226 | Spider:1 | Noticed Frances
 37511 | Spider:1 | Killed Frances
 37826 | Spider:1 | Offered knowledge of Ozocubu's Refrigeration by Vehumet.
 38717 | Spider:2 | Noticed Arachne
 39738 | Spider:2 | Killed Arachne
 39739 | Spider:2 | Reached XP level 18. HP: 92/112 MP: 22/34
 41326 | Spider:3 | Offered knowledge of Fire Storm by Vehumet.
 41326 | Spider:3 | Offered knowledge of Shatter by Vehumet.
 41326 | Spider:3 | Offered knowledge of Ignition by Vehumet.
 42165 | Spider:4 | Entered Level 4 of the Spider Nest
 42178 | Spider:3 | Learned a level 9 spell: Shatter
 42184 | Spider:3 | Learned a level 5 spell: Borgnjor's Vile Clutch
 45070 | Spider:4 | Identified the +2 robe "Saggyw" {Regen+ Dex-2 SInv Stlth+}
 47194 | Spider:4 | Got a gossamer rune of Zot
 47876 | D:14     | Identified the +9 flail "Veetzech" {holy, +Blink rN+ Int-4}
 47922 | D:14     | Paralysed by a great orb of eyes for 5 turns
 48002 | D:14     | Reached XP level 19. HP: 55/116 MP: 9/36
 48358 | D:14     | Found a sparkling altar of Nemelex Xobeh.
 48462 | D:14     | Noticed Rupert
 48471 | D:14     | Paralysed by Rupert for 3 turns
 48476 | D:14     | Killed Rupert
 48666 | D:15     | Entered Level 15 of the Dungeon
 48666 | D:15     | Found Icot's General Store.
 48681 | D:15     | Bought a scroll of blinking for 82 gold pieces
 48681 | D:15     | Bought a scroll of enchant armour for 82 gold pieces
 48803 | D:15     | Found Ofohaffa's Antique Weapon Boutique.
 48827 | D:15     | Found a staircase to the Depths.
 49247 | D:15     | Found Nady's General Store.
 49603 | Vaults:1 | Entered Level 1 of the Vaults
 50184 | Vaults:1 | Identified the +10 short sword of Jekkauphy {heavy, rCorr
                  | Str+3}
 51719 | Vaults:1 | Found a runed translucent gate.
 51719 | Vaults:1 | Found a runed translucent gate.
 51719 | Vaults:1 | Found a runed translucent gate.
 51721 | Vaults:1 | Noticed Feshunla's ghost (adept KoEn)
 51772 | Vaults:1 | Reached skill level 15 in Conjurations
 52188 | Vaults:1 | Reached XP level 20. HP: 122/122 MP: 12/37
 52436 | Vaults:1 | Found an iron altar of Okawaru.
 52971 | Vaults:2 | Found Atwuaqid's General Store.
 53422 | Vaults:2 | Noticed Sojobo
 53429 | Vaults:2 | Killed Sojobo
 54813 | Vaults:3 | Found a huge runed gate.
 54813 | Vaults:3 | Found a huge runed gate.
 54813 | Vaults:3 | Found a huge runed gate.
 54813 | Vaults:3 | Found a huge runed gate.
 54813 | Vaults:3 | Found a huge runed gate.
 54813 | Vaults:3 | Found a huge runed gate.
 54814 | Vaults:3 | Found a huge runed gate.
 54814 | Vaults:3 | Found a huge runed gate.
 54814 | Vaults:3 | Found a huge runed gate.
 54814 | Vaults:3 | Found a huge runed gate.
 54817 | Vaults:3 | Found a huge runed gate.
 54817 | Vaults:3 | Found a huge runed gate.
 54817 | Vaults:3 | Found a huge runed gate.
 54817 | Vaults:3 | Found a huge runed gate.
 54817 | Vaults:3 | Found a huge runed gate.
 54817 | Vaults:3 | Found a huge runed gate.
 54818 | Vaults:3 | Found a huge runed gate.
 54819 | Vaults:3 | Found a huge runed gate.
 54820 | Vaults:3 | Found a huge runed gate.
 54831 | Vaults:3 | Found a huge runed gate.
 54831 | Vaults:3 | Found a huge runed gate.
 54831 | Vaults:3 | Found a huge runed gate.
 54831 | Vaults:3 | Found a huge runed gate.
 54831 | Vaults:3 | Found a huge runed gate.
 54831 | Vaults:3 | Found a huge runed gate.
 54832 | Vaults:3 | Found a huge runed gate.
 54833 | Vaults:3 | Found a huge runed gate.
 54834 | Vaults:3 | Found a huge runed gate.
 54842 | Vaults:3 | Found a huge runed gate.
 54842 | Vaults:3 | Found a huge runed gate.
 54842 | Vaults:3 | Found a huge runed gate.
 54842 | Vaults:3 | Found a huge runed gate.
 54842 | Vaults:3 | Found a huge runed gate.
 54842 | Vaults:3 | Found a huge runed gate.
 54843 | Vaults:3 | Found a huge runed gate.
 54844 | Vaults:3 | Found a huge runed gate.
 55129 | Vaults:3 | Found a staircase to the Crypt.
 55129 | Vaults:3 | Found an ancient bone altar of Kikubaaqudgha.
 55130 | Vaults:3 | Found a basalt altar of Yredelemnul.
 55296 | Vaults:3 | Found Goipnos's Antique Weapon Boutique.
 56485 | Vaults:3 | Reached XP level 21. HP: 127/127 MP: 39/39
 56755 | Vaults:3 | Reached skill level 15 in Shields
 56911 | Vaults:3 | Identified the +3 double sword of Septomn {flame, MP+9}
 57323 | Vaults:4 | Found Bowaat's Antique Weapon Emporium.
 57390 | Vaults:4 | Upgraded the game from 0.30-a0-860-g512cf1e979 to
                  | 0.30-a0-862-g1aabd4f9c5
 57798 | Vaults:4 | Found Ivvoebij's Weapon Shoppe.
 57938 | Vaults:4 | Reached skill level 15 in Spellcasting
 58285 | Vaults:4 | Found Pehol's Magic Scroll Emporium.
 58293 | Vaults:4 | Bought a scroll of teleportation for 36 gold pieces
 58293 | Vaults:4 | Bought a scroll of teleportation for 36 gold pieces
 58293 | Vaults:4 | Bought a scroll of teleportation for 36 gold pieces
 58293 | Vaults:4 | Bought a scroll of blinking for 90 gold pieces
 58889 | Vaults:4 | Found Eqewoh's Magic Scroll Boutique.
 59227 | Vaults:4 | Found Ramoe's Armour Shop.
 59367 | Vaults:5 | Entered Level 5 of the Vaults
 59537 | Vaults:5 | Noticed a dread lich
 59539 | Vaults:5 | Reached XP level 22. HP: 131/132 MP: 41/41
 59539 | Vaults:5 | Killed a dread lich
 59546 | Vaults:5 | Noticed a golden dragon
 59958 | Vaults:5 | Noticed an ancient lich
 60257 | Crypt:1  | Entered Level 1 of the Crypt
 61555 | Crypt:2  | Reached skill level 27 in Earth Magic
 62063 | D:8      | Bought a manual of Evocations for 960 gold pieces
 62333 | Vaults:5 | Killed an ancient lich
 62336 | Vaults:5 | Noticed an ancient lich
 62339 | Vaults:5 | Identified the +1 spear of Ru's Condemnation {venom, Str+6}
 62342 | Vaults:5 | Killed an ancient lich
 62609 | Vaults:5 | Reached XP level 23. HP: 137/137 MP: 19/43
 62618 | Vaults:5 | Killed a golden dragon
 62794 | Vaults:5 | Got a silver rune of Zot
 62989 | Vaults:5 | Identified the +3 rapier of the Yoke {drain, rN+ Str+2}
 63128 | Vaults:5 | Identified the +9 spear "Death Rattle" {flame, Str+2}
 63206 | Vaults:5 | Identified the +2 plate armour of Complete Protection
                  | {Int+2 Dex+6}
 63214 | Vaults:5 | Identified the ring "Camifoh" {rCorr Int+6}
 63310 | Vaults:5 | Identified the +0 ring mail of the Desert {rElec}
 63569 | Vaults:5 | Identified the +4 ring mail of the Wary Planets {rPois
                  | Int-4 Dex+7}
 63570 | Vaults:5 | Identified the +6 mace of Itua {drain, rN+}
 63733 | Vaults:5 | Identified the +6 triple sword "Jelly's Demise" {heavy,
                  | Str-4 Int+3 Dex+2}
 63774 | Vaults:5 | Identified the ring of Ifomirun {rN+ MP+9}
 64269 | Crypt:2  | Got the Anthology of Snow-white Arcane Weapons
 64746 | Crypt:2  | Identified the ring "Catumyer" {Fire *Corrode rPois rN+}
 65043 | Crypt:3  | Entered Level 3 of the Crypt
 65052 | Crypt:3  | Noticed a curse toe
 65137 | Crypt:3  | Found a staircase to the Tomb.
 65701 | Crypt:3  | Killed a curse toe
 65702 | Crypt:3  | Identified the ring of Susidghuyn {rC++ rN+ MP+9}
 66249 | Crypt:3  | Identified the ring "Ebittest" {Fly rElec rN+ rCorr Dex-4
                  | SInv}
 66982 | Crypt:3  | Noticed an ancient lich
 66989 | Crypt:3  | Killed an ancient lich
 66990 | Crypt:3  | Reached skill level 10 in Evocations
 66992 | Crypt:3  | Identified the ring of Behi Ejiut {*Slow rN+ Str+2 Int+2
                  | Dex+3}
 66992 | Crypt:3  | Noticed an ancient lich
 67001 | Crypt:3  | Killed an ancient lich
 67005 | Crypt:3  | Got Waeg's Catalogue of Unhallowed Rites
 67335 | Elf:1    | Entered Level 1 of the Elven Halls
 67339 | Elf:1    | Paralysed by an air elemental for 1 turns
 68066 | Elf:1    | Found Deteela's Magic Scroll Boutique.
 68072 | Elf:1    | Bought a scroll of teleportation for 36 gold pieces
 68072 | Elf:1    | Bought a scroll of teleportation for 36 gold pieces
 68072 | Elf:1    | Bought a scroll of enchant armour for 90 gold pieces
 68072 | Elf:1    | Acquired the ring of the Genius {Wiz rPois rN++ Will+
                  | Dex-4}
 68188 | Elf:1    | Noticed Louise
 68194 | Elf:1    | Killed Louise
 68515 | Elf:1    | Got the Compendium of Assembled Injury
 68629 | Elf:1    | Learned a level 7 spell: Spellforged Servitor
 68673 | Elf:2    | Reached XP level 24. HP: 139/142 MP: 35/44
 69273 | Elf:2    | Found a runed translucent gate.
 69274 | Elf:2    | Found a runed translucent gate.
 69276 | Elf:2    | Found a runed translucent gate.
 69297 | Elf:2    | Paralysed by an air elemental for 1 turns
 70311 | Elf:3    | Entered Level 3 of the Elven Halls
 71129 | Elf:3    | Identified the +11 falchion of Fimbulwinter {freeze, SInv}
 71132 | Elf:3    | Identified the +7 trident "Fosegic" {holy, *Corrode Dex+6}
 71311 | Elf:3    | Acquired a book of Dangerous Friends
 71334 | Elf:3    | Got Jeoqyess's Volume of Bruises
 71343 | Elf:3    | Identified the +4 pair of boots "Kouj" {rC++ Stlth+}
 71362 | Elf:3    | Got the Codex of Ensorcelling and the Dose
 71379 | Elf:3    | Identified the amulet "Tyepar" {Acrobat Will+}
 71453 | Elf:3    | Got the Grimoire of Planar Beguiling
 71587 | Elf:3    | Identified the +4 dagger of Wrath {drain, rPois}
 71608 | Elf:3    | Identified the amulet "Lymp" {Faith rN+}
 71670 | Elf:3    | Noticed Saint Roka
 71680 | Elf:3    | Killed Saint Roka
 72557 | Slime:1  | Entered Level 1 of the Pits of Slime
 73598 | Slime:4  | Noticed Dissolution
 73951 | Slime:3  | Reached skill level 10 in Summonings
 73953 | Slime:3  | Reached XP level 25. HP: 147/147 MP: 25/45
 75111 | Slime:5  | Entered Level 5 of the Pits of Slime
 75753 | Slime:5  | Noticed the Royal Jelly
 76157 | Slime:4  | Killed Dissolution
 77009 | Slime:5  | Killed the Royal Jelly
 78049 | Slime:5  | Found the +9 sword of Power {lifebolt}
 78050 | Slime:5  | Found the -2 hat of the Alchemist {rElec rPois rF+ rC+ rN+
                  | Will+ rMut rCorr}
 78057 | Slime:5  | Identified the +1 whip of Qeiroire {pain, rF- Int+2 Dex+4}
 78086 | Slime:5  | Identified the +0 helmet of Day {Slay+3}
 78172 | Slime:5  | Got a slimy rune of Zot
 78178 | Slime:5  | Identified the +0 leather armour of the Doldrums {+Inv
                  | rElec rC-}
 78958 | D:15     | Found a portal to a secret trove of treasure.
 79194 | Depths:1 | Entered Level 1 of the Depths
 79221 | Depths:1 | Learned a level 9 spell: Dragon's Call
 79283 | Depths:1 | Found a white marble altar of Elyvilon.
 79498 | Depths:1 | Found a one-way gate leading to the halls of Pandemonium.
 80039 | Depths:1 | Found Kitec's Antique Armour Shoppe.
 80047 | Depths:1 | Bought a runed scarf for 216 gold pieces
 80047 | Depths:1 | Bought a distressingly furry ring mail for 243 gold pieces
 80047 | Depths:1 | Identified the +5 ring mail "Malawkaf" {rN+ Str+2 Int+3
                  | Dex+4} (You bought it in a shop on level 1 of the Depths)
 80118 | Depths:1 | Found a one-way gateway to a ziggurat.
 80364 | Depths:1 | Found a one-way gate to the infinite horrors of the Abyss.
 80372 | Depths:1 | Found a gateway to Hell.
 80798 | Depths:2 | Found Engeleropt's Weapon Shop.
 80830 | Depths:2 | Found a magical portal.
 80846 | WizLab   | Entered Zonguldrok's Shrine
 81327 | WizLab   | Noticed an antique lich
 81329 | WizLab   | Killed an antique lich
 81380 | WizLab   | Found the +9 sword of Zonguldrok {reap}
 81542 | Depths:2 | Noticed the Enchantress
 81544 | Depths:2 | Killed the Enchantress
 82333 | Depths:2 | Reached XP level 26. HP: 152/152 MP: 29/45
 83320 | Depths:2 | Upgraded the game from 0.30-a0-862-g1aabd4f9c5 to
                  | 0.30-a0-867-g305f33218d
 83514 | Depths:3 | Found Ethrig's Book Shoppe.
 83544 | Depths:3 | Identified the +0 leather armour "Pooratan" {rN+ Will++
                  | Dex-2 Slay+2}
 83563 | Depths:3 | Found an opulent altar of Gozag.
 83566 | Depths:3 | Found an opulent altar of Gozag.
 83566 | Depths:3 | Found an opulent altar of Gozag.
 83618 | Depths:3 | Found an opulent altar of Gozag.
 85121 | Depths:3 | Found Coriapia's Book Emporium.
 85121 | Depths:3 | Found Lyixed's Jewellery Boutique.
 85129 | Depths:3 | Found Jaisch's Jewellery Boutique.
 85454 | Depths:3 | Noticed a juggernaut
 85462 | Depths:3 | Killed a juggernaut
 85628 | Depths:3 | Noticed a juggernaut
 85632 | Depths:3 | Killed a juggernaut
 85677 | Depths:3 | Reached skill level 15 in Summonings
 85970 | Depths:3 | Bought the Notes on Nonlocality and Pestilence for 748 gold
                  | pieces
 85973 | Depths:3 | Learned a level 2 spell: Blink
 86584 | Depths:4 | Entered Level 4 of the Depths
 87225 | Depths:4 | Reached XP level 27. HP: 104/157 MP: 4/46
 87632 | Depths:4 | Found a gate to the Realm of Zot.
 87922 | Depths:4 | Found Ceyhaj's Distillery.
 87922 | Depths:4 | Found Vaoteny's Jewellery Emporium.
 88544 | Depths:4 | Found an ornate altar of the Wu Jian Council.
 88583 | Hell     | Entered the Vestibule of Hell
 88583 | Hell     | Noticed Geryon
 88589 | Hell     | Killed Geryon
 89403 | Hell     | Found a gateway to the freezing wastes of Cocytus.
 89715 | Hell     | Found a gateway to the Iron City of Dis.
 89835 | Hell     | Found a gateway to the ashen valley of Gehenna.
 89866 | Hell     | Found a gateway to the decaying netherworld of Tartarus.
 90040 | Coc:1    | Entered Level 1 of Cocytus
 90872 | Pan      | Entered Pandemonium
 91445 | Pan      | Found a white marble altar of Elyvilon.
 91757 | Pan      | Identified the +6 war axe "Alenyor" {pain, Dex+4}
 91769 | Pan      | Identified the +2 scale mail of Articulation {Will++ Dex-3
                  | SInv}
 92298 | Pan      | Identified the +0 tower shield "Pikharr" {rN+ Will+ Str+3}
 92401 | Pan      | Found a glowing silver altar of Zin.
 94744 | Pan      | Acquired 742 gold pieces
 95826 | Pan      | Glimpsed the power of Zot.
 95844 | Pan      | Identified the +5 longbow of the Grand God {freeze, rElec
                  | Int+3 Stlth+}
 95847 | Pan      | Noticed a seraph
 95861 | Pan      | Killed a seraph
 95940 | Pan      | Found a glowing golden altar of the Shining One.
 95953 | Pan      | Got a demonic rune of Zot
 96128 | Depths:2 | Escaped Pandemonium
 96129 | Depths:2 | Upgraded the game from 0.30-a0-867-g305f33218d to
                  | 0.30-a0-870-gc5d4c5acee
 96147 | Pan      | Entered Pandemonium
 97003 | Pan      | Noticed Tovvegh the pandemonium lord
 97809 | Pan      | Identified the amulet "Licsor" {Acrobat rF+ rC+}
 97862 | Pan      | Killed Tovvegh the pandemonium lord
 98615 | Pan      | Identified the +7 falchion of the Whelk {freeze, rN++ rCorr
                  | Int-3}
 98675 | Pan      | Entered the realm of Cerebov.
 99294 | Pan      | Learned a level 7 spell: Summon Hydra
 99806 | Pan      | Learned a level 6 spell: Summon Cactus Giant
101988 | Pan      | Found the +6 sword of Cerebov {flame}
101988 | Pan      | Noticed Cerebov
102741 | Pan      | Identified the +9 long sword of Incongruity {vamp, rC+}
102747 | Pan      | Identified the +1 halberd of Gluttony {pain, Will++}
102747 | Pan      | Identified the ring "Buivau" {rF+ rN+ Will++ MP+9}
102753 | Pan      | Killed Cerebov
102754 | Pan      | Reached skill level 27 in Conjurations
103011 | Pan      | Identified the +4 scale mail of Mental Paralysis {Int+2}
103032 | Pan      | Identified the +1 leather armour "Muixam" {-Cast rCorr
                  | Slay+3 Stlth+}
103053 | Pan      | Got the Compilation of the Glowing Shot
103081 | Pan      | Identified the +0 scale mail of the Sun {Drain rPois Regen+
                  | Stlth+}
103122 | Pan      | Identified the ring of Tief {Fire rCorr Int+6}
103138 | Pan      | Identified the +5 scale mail of Giasue {rN+ Dex+3}
103197 | Pan      | Got a fiery rune of Zot
104370 | Pan      | Found a transporter.
104591 | Pan      | Found a transporter.
105459 | Pan      | Gained mutation: You passively dampen the noise of your
                  | surroundings. [mutagenic glow]
105649 | Pan      | Identified the ring "Liochol" {Will+ Stlth+}
105661 | Pan      | Identified the ring "Uqousoxeav" {Str+6 Int+4}
105971 | Pan      | Noticed Disedaed the pandemonium lord
105978 | Pan      | Killed Disedaed the pandemonium lord
106572 | Pan      | Gained mutation: You do not regenerate when monsters are
                  | visible. [a neqoxec]
106623 | Pan      | Identified the +12 hand axe "Ushrudiss" {freeze, MP+9
                  | Dex+3}
107287 | Pan      | Reached skill level 10 in Armour
107466 | Depths:2 | Escaped Pandemonium
108007 | D:15     | You paid a toll of a +6 demon blade to enter a treasure
                  | trove
108008 | Trove    | Entered a treasure trove
108010 | Trove    | Found the +3 pair of mountain boots {steadfast, rC+}
108011 | Trove    | Found the +3 salamander hide armour {Flames, rFlCloud rF++
                  | rC--}
108011 | Trove    | Found the +3 warlock's mirror {omnireflect}
108013 | Trove    | Identified the +4 scale mail of Rykkomn {Dex+5}
108024 | Trove    | Identified the +4 chain mail "Joatocwea" {rN++}
108038 | Trove    | Identified the +3 scale mail of True Grit {Harm Rampage
                  | *Slow Int+5}
108875 | Depths:3 | Bought a ring of see invisible for 255 gold pieces
108947 | Pan      | Entered the realm of Gloorx Vloq.
108947 | Pan      | Entered Pandemonium
108950 | Pan      | Noticed Gloorx Vloq
110632 | Pan      | Killed Gloorx Vloq
110699 | Pan      | Got a dark rune of Zot
111291 | Pan      | Entered the realm of Lom Lobon.
111801 | Pan      | Learned a level 3 spell: Summon Guardian Golem
111915 | Pan      | Noticed Lom Lobon
112400 | Pan      | Killed Lom Lobon
112408 | Pan      | Got a magical rune of Zot
112692 | Pan      | Found an exit through the horrors of the Abyss.
112814 | Pan      | Noticed Luaget the pandemonium lord
112873 | Pan      | Killed Luaget the pandemonium lord
113460 | Pan      | Took an exit into the Abyss.
113460 | Abyss:1  | Escaped into the Abyss
114146 | Abyss:4  | Found a corrupted altar of Lugonu.
114220 | Abyss:4  | Got an abyssal rune of Zot
114286 | Abyss:4  | Reached skill level 15 in Fighting
114348 | Depths:2 | Escaped the Abyss
114506 | Pan      | Entered the realm of Mnoleg.
114506 | Pan      | Entered Pandemonium
114527 | Pan      | Noticed Mnoleg
114551 | Pan      | Killed Mnoleg
114738 | Pan      | Gained mutation: Your spells are a little easier to cast,
                  | but a little less powerful. [a cacodemon]
114753 | Pan      | Gained mutation: You are clumsy. (Dex -2) [a neqoxec]
114795 | Pan      | Got a glowing rune of Zot
115391 | Pan      | Gained mutation: Your spells are easier to cast, but less
                  | powerful. [a neqoxec]
115461 | Pan      | Found an exit through the horrors of the Abyss.
115473 | Pan      | Identified the +1 leather armour of the Shrike {Contam rN+
                  | Int+3}
116973 | Pan      | Found an exit through the horrors of the Abyss.
116983 | Pan      | Noticed Urimew the pandemonium lord
116997 | Pan      | Killed Urimew the pandemonium lord
117321 | Pan      | Took an exit into the Abyss.
117321 | Abyss:4  | Escaped into the Abyss
117337 | Abyss:4  | Found a corrupted altar of Lugonu.
117379 | Depths:2 | Escaped the Abyss
117746 | Lair:1   | Lost mutation: Your mind is acute. (Int +4, Str/Dex -1)
                  | [potion of mutation]
117746 | Lair:1   | Lost mutation: You are clumsy. (Dex -2) [potion of
                  | mutation]
117746 | Lair:1   | Gained mutation: You have a pair of small horns on your
                  | head. [potion of mutation]
117746 | Lair:1   | Gained mutation: Your flesh is heat resistant. (rF+)
                  | [potion of mutation]
117746 | Lair:1   | Gained mutation: You are mostly covered in iridescent
                  | scales. (AC +4) [potion of mutation]
117747 | Lair:1   | Lost mutation: You have sharp toenails. [potion of
                  | mutation]
117747 | Lair:1   | Lost mutation: You have a pair of small horns on your head.
                  | [potion of mutation]
117747 | Lair:1   | Gained mutation: You occasionally lose the ability to read
                  | scrolls when taking damage. [potion of mutation]
117748 | Lair:1   | Lost mutation: Your spells are easier to cast, but less
                  | powerful. [potion of mutation]
117748 | Lair:1   | Lost mutation: You are mostly covered in iridescent scales.
                  | (AC +4) [potion of mutation]
117748 | Lair:1   | Lost mutation: Your spells are a little easier to cast, but
                  | a little less powerful. [potion of mutation]
117748 | Lair:1   | Gained mutation: You passively map a small area around you.
                  | [potion of mutation]
117749 | Lair:1   | Lost mutation: You passively dampen the noise of your
                  | surroundings. [potion of mutation]
117749 | Lair:1   | Lost mutation: You are partially covered in iridescent
                  | scales. (AC +2) [potion of mutation]
117749 | Lair:1   | Gained mutation: Your magical capacity is low. (-10% MP)
                  | [potion of mutation]
117749 | Lair:1   | Gained mutation: You are strong-willed. (Will+) [potion of
                  | mutation]
117749 | Lair:1   | Gained mutation: You have a pair of small antennae on your
                  | head. [potion of mutation]
117750 | Lair:1   | Lost mutation: You occasionally lose the ability to read
                  | scrolls when taking damage. [potion of mutation]
117750 | Lair:1   | Lost mutation: You do not regenerate when monsters are
                  | visible. [potion of mutation]
117750 | Lair:1   | Lost mutation: You have a pair of small antennae on your
                  | head. [potion of mutation]
117750 | Lair:1   | Lost mutation: Your magical capacity is low. (-10% MP)
                  | [potion of mutation]
117750 | Lair:1   | Gained mutation: Your mind is acute. (Int +4, Str/Dex -1)
                  | [potion of mutation]
117750 | Lair:1   | Gained mutation: You are robust. (+10% HP) [potion of
                  | mutation]
118017 | Geh:1    | Entered Level 1 of Gehenna
118149 | Zot:1    | Entered Level 1 of the Realm of Zot
118754 | Zot:1    | You are sucked into a shaft and drop 1 floor!
119507 | Zot:2    | Noticed an orb of fire
119520 | Zot:2    | Killed an orb of fire
121672 | Zot:3    | Reached skill level 15 in Armour
122984 | Zot:4    | Noticed an orb of fire
122992 | Zot:4    | Killed an orb of fire
124768 | Zot:5    | Entered Level 5 of the Realm of Zot
127056 | Tomb:1   | Entered Level 1 of the Tomb of the Ancients
127189 | Tomb:1   | Noticed a royal mummy
127195 | Tomb:1   | Killed a royal mummy
127533 | Tomb:1   | Noticed a royal mummy
127543 | Tomb:1   | Killed a royal mummy
127781 | Tomb:1   | Noticed a royal mummy
127785 | Tomb:1   | Killed a royal mummy
128185 | Tomb:2   | Noticed a royal mummy
128185 | Tomb:2   | Noticed a royal mummy
128185 | Tomb:2   | Noticed a royal mummy
128185 | Tomb:2   | Noticed a royal mummy
128188 | Tomb:2   | Killed a royal mummy
128188 | Tomb:2   | Killed a royal mummy
128189 | Tomb:2   | Killed a royal mummy
128189 | Tomb:2   | Killed a royal mummy
128408 | Tomb:2   | Reached skill level 27 in Summonings
128743 | Tomb:1   | Noticed a royal mummy
128743 | Tomb:1   | Noticed a royal mummy
128743 | Tomb:1   | Noticed a royal mummy
128743 | Tomb:1   | Noticed a royal mummy
128744 | Tomb:1   | Noticed a royal mummy
128746 | Tomb:1   | Noticed a royal mummy
128764 | Tomb:1   | Noticed a royal mummy
128764 | Tomb:1   | Noticed a royal mummy
129001 | Tomb:1   | Noticed a royal mummy
129009 | Tomb:1   | Killed a royal mummy
129030 | Tomb:1   | Noticed a royal mummy
129124 | Tomb:1   | Killed a royal mummy
129128 | Tomb:1   | Killed a royal mummy
129134 | Tomb:1   | Noticed a royal mummy
129136 | Tomb:1   | Killed a royal mummy
129138 | Tomb:1   | Killed a royal mummy
129614 | Tomb:1   | Noticed a royal mummy
129618 | Tomb:1   | Killed a royal mummy
129621 | Tomb:1   | Killed a royal mummy
129923 | Tomb:1   | Noticed a royal mummy
129928 | Tomb:1   | Killed a royal mummy
130122 | Tomb:1   | Noticed a royal mummy
130122 | Tomb:1   | Noticed a royal mummy
130126 | Tomb:1   | Killed a royal mummy
130126 | Tomb:1   | Killed a royal mummy
130126 | Tomb:1   | Killed a royal mummy
130464 | Tomb:1   | Killed a royal mummy
130612 | Tomb:1   | Noticed a royal mummy
130615 | Tomb:1   | Killed a royal mummy
130622 | Tomb:1   | Noticed a royal mummy
130625 | Tomb:1   | Killed a royal mummy
130725 | Tomb:1   | Noticed a royal mummy
130729 | Tomb:1   | Killed a royal mummy
130749 | Tomb:1   | Noticed a royal mummy
130751 | Tomb:1   | Killed a royal mummy
130751 | Tomb:1   | Noticed a royal mummy
130754 | Tomb:1   | Killed a royal mummy
131296 | Tomb:3   | Entered Level 3 of the Tomb of the Ancients
131316 | Tomb:3   | Noticed Boris
131323 | Tomb:3   | Noticed a royal mummy
131325 | Tomb:3   | Killed Boris
131329 | Tomb:3   | Noticed a royal mummy
131333 | Tomb:3   | Killed a royal mummy
131340 | Tomb:3   | Killed a royal mummy
131342 | Tomb:3   | Noticed a royal mummy
131347 | Tomb:3   | Killed a royal mummy
131358 | Tomb:3   | Noticed a royal mummy
131360 | Tomb:3   | Killed a royal mummy
131411 | Tomb:3   | Noticed a royal mummy
131417 | Tomb:3   | Killed a royal mummy
131649 | Tomb:3   | Identified the +3 quarterstaff of Peace {flame, rF+ rN+}
131655 | Tomb:3   | Identified the ring "Suwydgh" {rElec rF+ rC+ Will+ SInv}
131662 | Tomb:3   | Identified the +0 plate armour "Sawn" {rC- rCorr Int+5
                  | Dex+3}
131668 | Tomb:3   | Identified the +4 rapier of Retyim {drain, rElec Str-5
                  | Int+9 Dex-5}
131674 | Tomb:3   | Identified the +2 flail of Pafyskod {freeze, rPois}
131686 | Tomb:3   | Got the Textbook on Shapes
131690 | Tomb:3   | Identified the +4 broad axe of a ziggurat {speed, Str+6}
131692 | Tomb:3   | Identified the +0 pair of gloves "Bicarph" {Stlth+}
131837 | Tomb:3   | Identified the +5 trident "Hyatos" {vamp, rF+ Int+3}
132023 | Tomb:3   | Noticed a royal mummy
132028 | Tomb:3   | Killed a royal mummy
132181 | Tomb:3   | Noticed a royal mummy
132188 | Tomb:3   | Killed a royal mummy
132190 | Tomb:3   | Noticed a royal mummy
132191 | Tomb:3   | Killed a royal mummy
132195 | Tomb:3   | Noticed a royal mummy
132202 | Tomb:3   | Killed a royal mummy
132524 | Tomb:3   | Got a golden rune of Zot
132954 | Tar:1    | Entered Level 1 of Tartarus
135774 | Tar:7    | Entered Level 7 of Tartarus
135774 | Tar:7    | Lost dexterity.
136658 | Tar:7    | Noticed the Serpent of Hell
136669 | Tar:7    | Killed the Serpent of Hell
137079 | Tar:7    | Reached skill level 27 in Spellcasting
137330 | Tar:7    | Noticed Ereshkigal
137336 | Tar:7    | Killed Ereshkigal
137351 | Tar:7    | Identified the +2 scale mail of the Iron City of Dis
                  | {Rampage rCorr}
137354 | Tar:7    | Got a bone rune of Zot
137358 | Tar:7    | Identified the +1 plate armour of the Secret Planets {Harm
                  | rF+}
138511 | Geh:7    | Entered Level 7 of Gehenna
139496 | Geh:7    | Found the +7 sceptre of Asmodeus
139496 | Geh:7    | Identified the ring of Zounul {rC+ Slay+4}
139496 | Geh:7    | Noticed Asmodeus
139544 | Geh:7    | Killed Asmodeus
139724 | Geh:7    | Got an obsidian rune of Zot
139728 | Geh:7    | Identified the +11 shortbow of Fedhas's Castigation
                  | {antimagic, Dex+8}
139763 | Geh:7    | Identified the +1 short sword "Muirhyl" {freeze, rElec rC+}
140042 | Dis:1    | Entered Level 1 of the Iron City of Dis
140268 | Dis:2    | Noticed an ancient lich
140271 | Dis:2    | Killed an ancient lich
140292 | Dis:2    | You are sucked into a shaft and drop 1 floor!
142708 | Coc:2    | Paralysed by a wendigo for 1 turns
142765 | Pan      | Entered Pandemonium
142927 | Pan      | Noticed Byodaoj the pandemonium lord
142933 | Pan      | Killed Byodaoj the pandemonium lord
144225 | Pan      | Found an exit through the horrors of the Abyss.
144507 | Pan      | Took an exit into the Abyss.
144507 | Abyss:4  | Escaped into the Abyss
144507 | Abyss:4  | Found a corrupted altar of Lugonu.
144511 | Abyss:4  | Found a hazy altar of Hepliaklqana.
144531 | Depths:2 | Escaped the Abyss
145626 | Pan      | Entered Pandemonium
146207 | Pan      | Found a huge runed translucent gate.
146211 | Pan      | Found a huge runed translucent gate.
146497 | Pan      | Found a huge runed translucent gate.
146574 | Pan      | Found a huge runed translucent gate.
147216 | Pan      | Found a huge runed translucent gate.
147216 | Pan      | Found a huge runed translucent gate.
147216 | Pan      | Found a huge runed translucent gate.
147221 | Pan      | Noticed Gilal the pandemonium lord
147227 | Pan      | Killed Gilal the pandemonium lord
147240 | Depths:2 | Escaped Pandemonium
147289 | Zig:1    | Entered Level 1 of a ziggurat
147366 | Zig:2    | Entered Level 2 of a ziggurat
147375 | Zig:2    | Reached skill level 27 in Fighting
147415 | Zig:3    | Entered Level 3 of a ziggurat
147429 | Zig:3    | Identified the +5 mace "Eruatit" {drain, Drain Int+2 Dex+3}
147445 | Zig:4    | Entered Level 4 of a ziggurat
147516 | Zig:5    | Entered Level 5 of a ziggurat
147534 | Zig:5    | Identified the ring "Foahi" {Fire Int+3}
147540 | Zig:5    | Identified the +5 rapier of Fragile Peace {elec, Int+2}
147675 | Zig:6    | Entered Level 6 of a ziggurat
147701 | Zig:7    | Entered Level 7 of a ziggurat
147707 | Zig:7    | Noticed a dread lich
147707 | Zig:7    | Noticed an ancient lich
147710 | Zig:7    | Killed an ancient lich
147711 | Zig:7    | Killed a dread lich
147731 | Zig:7    | Acquired runemasterragnar's Opusculum on Damage
147735 | Zig:7    | Identified the +10 halberd "Arcanum" {flame, rElec rCorr
                  | Stlth+}
147742 | Zig:8    | Entered Level 8 of a ziggurat
147760 | Zig:8    | Identified the +1 leather armour of Trumpets {rN+ Int+2}
147765 | Zig:8    | Identified the ring of Fostriem {rElec MP+9 Dex+3}
147773 | Zig:9    | Entered Level 9 of a ziggurat
147781 | Zig:9    | Noticed an ancient lich
147781 | Zig:9    | Noticed an ancient lich
147782 | Zig:9    | Noticed a dread lich
147783 | Zig:9    | Killed an ancient lich
147783 | Zig:9    | Killed an ancient lich
147783 | Zig:9    | Killed a dread lich
147784 | Zig:9    | Reached skill level 27 in Armour
147792 | Zig:9    | Identified the amulet "Xutzotouts" {RegenMP rElec}
147797 | Zig:9    | Identified the ring of Hybatsed {Will- MP+9 Int+3 Dex+2}
147803 | Zig:9    | Identified the +4 eveningstar of the Lesser Evil {flame,
                  | Fly rC+}
147862 | Zig:10   | Entered Level 10 of a ziggurat
148125 | Zig:11   | Entered Level 11 of a ziggurat
148134 | Zig:11   | Noticed an ancient lich
148136 | Zig:11   | Killed an ancient lich
148150 | Zig:11   | Got Beplagif's Precepts of Permutations
148227 | Zig:12   | Entered Level 12 of a ziggurat
148253 | Zig:12   | Reached skill level 5 in Dodging
148255 | Zig:12   | Found the +8 orange crystal plate armour {Archmagi, Int+3
                  | Clar}
148266 | Zig:12   | Identified the ring of Symmetry {rC+ rN++ Will+ Dex-3}
148415 | Zig:13   | Entered Level 13 of a ziggurat
148441 | Zig:13   | Identified the +1 trident of Kismet {protect, Fragile
                  | +Blink rPois Stlth+}
148558 | Zig:14   | Entered Level 14 of a ziggurat
148584 | Zig:14   | Identified the +6 lajatang "Ymirui" {speed, rCorr Dex+4}
148594 | Zig:15   | Entered Level 15 of a ziggurat
148631 | Zig:15   | Identified the +6 arbalest "Byommouc" {flame, rCorr SInv
                  | Stlth+}
148655 | Zig:16   | Entered Level 16 of a ziggurat
148710 | Zig:17   | Entered Level 17 of a ziggurat
148716 | Zig:17   | Noticed Diesma the pandemonium lord
148718 | Zig:17   | Noticed Ymitrerph the pandemonium lord
148720 | Zig:17   | Noticed Yqinull the pandemonium lord
148722 | Zig:17   | Noticed Roimal the pandemonium lord
148723 | Zig:17   | Noticed Oraskiub the pandemonium lord
148724 | Zig:17   | Noticed Qyocaf the pandemonium lord
148726 | Zig:17   | Noticed Upoupneqio the pandemonium lord
148730 | Zig:18   | Entered Level 18 of a ziggurat
148795 | Zig:18   | Reached skill level 10 in Dodging
148849 | Zig:18   | Identified the +6 spear of the Wolf {venom, rN+}
148907 | Zig:19   | Entered Level 19 of a ziggurat
148931 | Zig:19   | Found the +7 mace of Variability {chaos, chain chaos}
148936 | Zig:19   | Identified the +5 hand axe "Warilenn" {elec, Drain rPois
                  | rF+ Str+5}
148968 | Zig:19   | Identified the +5 dagger "Axtav Paupi" {flame, rPois Str+2}
148980 | Zig:20   | Entered Level 20 of a ziggurat
148989 | Zig:20   | Noticed a royal mummy
148991 | Zig:20   | Noticed a royal mummy
148991 | Zig:20   | Noticed a royal mummy
148992 | Zig:20   | Noticed a royal mummy
148993 | Zig:20   | Killed a royal mummy
148993 | Zig:20   | Killed a royal mummy
148994 | Zig:20   | Killed a royal mummy
148994 | Zig:20   | Killed a royal mummy
148994 | Zig:20   | Noticed a royal mummy
148997 | Zig:20   | Killed a royal mummy
148998 | Zig:20   | Noticed a royal mummy
149000 | Zig:20   | Killed a royal mummy
149390 | Zig:20   | Found the +6 Majin-Bo {spellvamp, MP+6 Int+6}
149413 | Zig:20   | Identified the ring "Udwoeb" {rF+ rN+ Will+ Str-2 Stlth+}
149416 | Zig:20   | Identified the ring "Qotzuag" {rElec Int+4 SInv}
149422 | Zig:21   | Entered Level 21 of a ziggurat
149438 | Zig:21   | Noticed a royal mummy
149438 | Zig:21   | Noticed a royal mummy
149442 | Zig:21   | Killed a royal mummy
149442 | Zig:21   | Killed a royal mummy
149445 | Zig:21   | Noticed a royal mummy
149449 | Zig:21   | Killed a royal mummy
149450 | Zig:21   | Noticed a royal mummy
149451 | Zig:21   | Noticed a royal mummy
149454 | Zig:21   | Killed a royal mummy
149454 | Zig:21   | Killed a royal mummy
149462 | Zig:21   | Noticed a royal mummy
149465 | Zig:21   | Killed a royal mummy
149869 | Zig:21   | Found the +0 mask of the Dragon {Will+ Slay+3 SInv}
149880 | Zig:21   | Identified the ring of Wosus {AC+4 Dex+4}
149882 | Zig:21   | Identified the +5 glaive of Ziolum {flame, rCorr Stlth+}
149911 | Zig:22   | Entered Level 22 of a ziggurat
149919 | Zig:22   | Paralysed by an air elemental for 1 turns
149959 | Zig:22   | Identified the ring "Necob" {rElec rCorr Str+6 Dex-4 SInv}
150016 | Zig:22   | Identified the +8 chain mail of Beaf {Harm Will+ Regen+
                  | Dex+2}
150027 | Zig:23   | Entered Level 23 of a ziggurat
150041 | Zig:23   | Noticed Ukud the pandemonium lord
150041 | Zig:23   | Noticed Bycodwox the pandemonium lord
150041 | Zig:23   | Noticed Ohum the pandemonium lord
150041 | Zig:23   | Noticed Wiorph the pandemonium lord
150041 | Zig:23   | Noticed Ziethu the pandemonium lord
150043 | Zig:23   | Noticed Orphad the pandemonium lord
150043 | Zig:23   | Noticed Leuriedi the pandemonium lord
150043 | Zig:23   | Noticed Zyferir the pandemonium lord
150044 | Zig:23   | Noticed Niclig the pandemonium lord
150044 | Zig:23   | Killed Ohum the pandemonium lord
150044 | Zig:23   | Noticed Mazoosaifo the pandemonium lord
150045 | Zig:23   | Killed Wiorph the pandemonium lord
150045 | Zig:23   | Killed Orphad the pandemonium lord
150046 | Zig:23   | Noticed Voyneg the pandemonium lord
150046 | Zig:23   | Killed Ziethu the pandemonium lord
150047 | Zig:23   | Killed Niclig the pandemonium lord
150047 | Zig:23   | Noticed Duhifirgh the pandemonium lord
150047 | Zig:23   | Noticed Suociyc the pandemonium lord
150048 | Zig:23   | Noticed Iguyphej the pandemonium lord
150048 | Zig:23   | Noticed Xibboing the pandemonium lord
150048 | Zig:23   | Killed Xibboing the pandemonium lord
150048 | Zig:23   | Killed Bycodwox the pandemonium lord
150049 | Zig:23   | Killed Voyneg the pandemonium lord
150049 | Zig:23   | Killed Ukud the pandemonium lord
150050 | Zig:23   | Killed Zyferir the pandemonium lord
150052 | Zig:23   | Killed Leuriedi the pandemonium lord
150052 | Zig:23   | Killed Iguyphej the pandemonium lord
150052 | Zig:23   | Killed Duhifirgh the pandemonium lord
150055 | Zig:23   | Killed Mazoosaifo the pandemonium lord
150056 | Zig:23   | Killed Suociyc the pandemonium lord
150066 | Zig:23   | Identified the amulet "Sennigopsu" {Acrobat rElec SInv
                  | Stlth+}
150073 | Zig:23   | Identified the ring "Lobits" {*Slow Str+4 Dex+6 SInv}
150074 | Zig:23   | Identified the +5 chain mail of Dawn {+Inv rElec rC+++
                  | Str-5}
150082 | Zig:23   | Identified the ring "Okhouna" {Fly rN+}
150083 | Zig:23   | Identified the +5 war axe "Pasuoriz" {flame, *Corrode rF+
                  | Int+3 Dex+2}
150088 | Zig:24   | Entered Level 24 of a ziggurat
150097 | Zig:24   | Noticed Jioblukk the pandemonium lord
150097 | Zig:24   | Noticed Zicaug the pandemonium lord
150097 | Zig:24   | Noticed Ycogra the pandemonium lord
150097 | Zig:24   | Noticed Ciumouq the pandemonium lord
150097 | Zig:24   | Noticed Hixku the pandemonium lord
150097 | Zig:24   | Noticed Soevam the pandemonium lord
150099 | Zig:24   | Killed Ciumouq the pandemonium lord
150100 | Zig:24   | Noticed Plog the pandemonium lord
150100 | Zig:24   | Noticed Xoreladu the pandemonium lord
150101 | Zig:24   | Noticed Atuloz the pandemonium lord
150102 | Zig:24   | Killed Hixku the pandemonium lord
150102 | Zig:24   | Noticed Metac the pandemonium lord
150103 | Zig:24   | Killed Zicaug the pandemonium lord
150103 | Zig:24   | Killed Xoreladu the pandemonium lord
150103 | Zig:24   | Killed Atuloz the pandemonium lord
150104 | Zig:24   | Reached skill level 27 in Shields
150104 | Zig:24   | Noticed Rukluj the pandemonium lord
150104 | Zig:24   | Killed Soevam the pandemonium lord
150104 | Zig:24   | Killed Ycogra the pandemonium lord
150104 | Zig:24   | Noticed Dupups the pandemonium lord
150105 | Zig:24   | Reached skill level 15 in Dodging
150105 | Zig:24   | Killed Jioblukk the pandemonium lord
150105 | Zig:24   | Killed Plog the pandemonium lord
150109 | Zig:24   | Noticed Soakif the pandemonium lord
150109 | Zig:24   | Noticed Locann the pandemonium lord
150110 | Zig:24   | Killed Dupups the pandemonium lord
150111 | Zig:24   | Killed Metac the pandemonium lord
150111 | Zig:24   | Killed Locann the pandemonium lord
150112 | Zig:24   | Killed Soakif the pandemonium lord
150117 | Zig:24   | Killed Rukluj the pandemonium lord
150293 | Zig:24   | Identified the +6 falchion of Atowau Quto {speed, Stlth+}
150319 | Zig:24   | Identified the +2 leather armour of Jigsaw {rF+ SInv}
150367 | Zig:25   | Entered Level 25 of a ziggurat
150374 | Zig:25   | Noticed Gusig the pandemonium lord
150377 | Zig:25   | Noticed Bawoenoph the pandemonium lord
150380 | Zig:25   | Noticed Woipno the pandemonium lord
150383 | Zig:25   | Noticed Nigis the pandemonium lord
150385 | Zig:25   | Killed Gusig the pandemonium lord
150385 | Zig:25   | Killed Woipno the pandemonium lord
150385 | Zig:25   | Killed Bawoenoph the pandemonium lord
150385 | Zig:25   | Killed Nigis the pandemonium lord
150385 | Zig:25   | Noticed Yshrouqa the pandemonium lord
150385 | Zig:25   | Noticed Befaca the pandemonium lord
150386 | Zig:25   | Noticed Eckarich the pandemonium lord
150386 | Zig:25   | Noticed Arydasm the pandemonium lord
150387 | Zig:25   | Noticed Ezofosei the pandemonium lord
150387 | Zig:25   | Noticed Wohie the pandemonium lord
150388 | Zig:25   | Reached skill level 10 in Ice Magic
150388 | Zig:25   | Noticed Myfukie the pandemonium lord
150390 | Zig:25   | Killed Befaca the pandemonium lord
150390 | Zig:25   | Killed Yshrouqa the pandemonium lord
150390 | Zig:25   | Noticed Keraollo the pandemonium lord
150391 | Zig:25   | Killed Myfukie the pandemonium lord
150392 | Zig:25   | Killed Arydasm the pandemonium lord
150392 | Zig:25   | Noticed Wocew the pandemonium lord
150392 | Zig:25   | Killed Ezofosei the pandemonium lord
150393 | Zig:25   | Killed Keraollo the pandemonium lord
150394 | Zig:25   | Noticed Devuot the pandemonium lord
150394 | Abyss:7  | Entered Level 7 of the Abyss
150394 | Abyss:7  | Cast into level 7 of the Abyss (Eckarich)
150402 | Zig:25   | Escaped the Abyss
150402 | Zig:25   | Noticed Diakhli the pandemonium lord
150403 | Zig:25   | Killed Wocew the pandemonium lord
150403 | Zig:25   | Killed Devuot the pandemonium lord
150405 | Zig:25   | Killed Eckarich the pandemonium lord
150405 | Zig:25   | Killed Wohie the pandemonium lord
150411 | Zig:25   | Killed Diakhli the pandemonium lord
150433 | Zig:25   | Identified the +3 helmet of Uskayaw's Approval {rElec
                  | Int+4}
150449 | Zig:25   | Identified the +10 great mace of Beogh, Hungering {drain,
                  | Contam rPois rN+ Int+8}
150464 | Zig:25   | Reached skill level 15 in Ice Magic
150468 | Zig:26   | Entered Level 26 of a ziggurat
150498 | Zig:26   | Noticed an ancient lich
150508 | Zig:26   | Killed an ancient lich
150869 | Zig:27   | Entered Level 27 of a ziggurat
150901 | Zig:27   | Found the ring of the Hare {EV+10}
150915 | Zig:27   | Identified the +10 great sword "Yhag" {freeze, Int+2}
150933 | Zig:27   | Identified the +2 glaive of Kurghuer {heavy, *Noise Will++
                  | rCorr Int+3}
152714 | Coc:7    | Entered Level 7 of Cocytus
153377 | Dis:7    | Entered Level 7 of the Iron City of Dis
154528 | Dis:7    | Noticed Dispater
154536 | Dis:7    | Killed Dispater
155021 | Dis:7    | Learned a level 9 spell: Polar Vortex
155202 | Dis:7    | Identified the +2 sling of Unuol {speed, *Slow rElec Will++
                  | Dex+2}
155208 | Dis:7    | Got an iron rune of Zot
156151 | Coc:7    | Paralysed by a wendigo for 1 turns
156183 | Coc:7    | Reached skill level 27 in Ice Magic
156186 | Coc:7    | Reached skill level 1 in Necromancy
156198 | Coc:7    | Reached skill level 1 in Translocations
156204 | Coc:7    | Reached skill level 1 in Hexes
156914 | Coc:7    | Noticed an ancient lich
156918 | Coc:7    | Killed an ancient lich
157022 | Coc:7    | Noticed Antaeus
157094 | Coc:7    | Killed Antaeus
157095 | Coc:7    | Reached skill level 5 in Necromancy
157374 | Coc:7    | Paralysed by a wendigo for 1 turns
157613 | Coc:7    | Got an icy rune of Zot
157941 | Coc:7    | Paralysed by a wendigo for 1 turns
157945 | Coc:7    | Paralysed by a wendigo for 1 turns
157992 | Coc:7    | Reached skill level 5 in Hexes
158063 | Coc:7    | Reached skill level 5 in Translocations
158269 | Zig:1    | Entered Level 1 of a ziggurat
158269 | Zig:1    | Noticed Odghein the pandemonium lord
158273 | Zig:1    | Killed Odghein the pandemonium lord
158395 | Zig:2    | Entered Level 2 of a ziggurat
158396 | Zig:2    | Paralysed by an air elemental for 1 turns
158404 | Zig:2    | Identified the +1 chain mail of Duck's Teeth {Regen+}
158425 | Zig:3    | Entered Level 3 of a ziggurat
158425 | Zig:3    | Noticed Keuquneo the pandemonium lord
158429 | Zig:3    | Killed Keuquneo the pandemonium lord
158587 | Zig:4    | Entered Level 4 of a ziggurat
158610 | Zig:5    | Entered Level 5 of a ziggurat
158625 | Zig:5    | Identified the +4 falchion of Ymun {drain, rElec Str+4
                  | Int-4}
158632 | Zig:6    | Entered Level 6 of a ziggurat
158657 | Zig:7    | Entered Level 7 of a ziggurat
158682 | Zig:7    | Identified the ring of Ru's Vengeance {Will+ Dex+7 Stlth+}
158726 | Zig:8    | Entered Level 8 of a ziggurat
158730 | Zig:8    | Noticed Codelas the pandemonium lord
158734 | Zig:8    | Killed Codelas the pandemonium lord
158749 | Zig:8    | Identified the +4 dagger of Bupautod {flame, +Blink Stlth+}
158750 | Zig:8    | Identified the +0 chain mail of the Spheres {Will+ Str+7
                  | Int-4}
158894 | Zig:9    | Entered Level 9 of a ziggurat
158939 | Zig:9    | Reached skill level 10 in Necromancy
158945 | Zig:9    | Identified the +10 great sword "Goef Wur" {holy, rF+++ MP+9
                  | Str+2 Stlth-}
158965 | Zig:10   | Entered Level 10 of a ziggurat
159163 | Zig:10   | Identified the +3 spear of Qazlal's Outrage {holy, Dex+3}
159176 | Zig:10   | Identified the +8 chain mail "Ibyubazo" {rPois Str+7
                  | Slay+2}
159179 | Zig:10   | Identified the +6 scimitar of Stickiness {heavy, Will-
                  | Str+4}
159214 | Zig:11   | Entered Level 11 of a ziggurat
159228 | Zig:11   | Identified the +0 tower shield "Soisic" {Str+3 Dex+5}
159529 | Zig:11   | Found the +2 hat of the Bear Spirit {Spirit, Bear, *Rage
                  | Will++}
159538 | Zig:11   | Identified the ring of Woomevejiu {rN+ Will+}
159568 | Zig:12   | Entered Level 12 of a ziggurat
159571 | Zig:12   | Paralysed by an air elemental for 1 turns
159611 | Zig:12   | Identified the +0 scale mail of Unreason {rF+++ Will+
                  | Slay-5 Stlth-}
159635 | Zig:12   | Identified the +1 robe of Dyspraxia {-Tele Rampage Str+2}
159843 | Zig:13   | Entered Level 13 of a ziggurat
159864 | Zig:13   | Noticed a dread lich
159865 | Zig:13   | Killed a dread lich
159867 | Zig:13   | Reached skill level 10 in Hexes
159867 | Zig:13   | Reached skill level 10 in Translocations
159885 | Zig:13   | Found the +3 giant club "Skullcrusher" {speed, Str+7}
159893 | Zig:13   | Identified the +8 dagger of Yeast {heavy, rElec rPois}
159907 | Zig:14   | Entered Level 14 of a ziggurat
159919 | Zig:14   | Noticed an ancient lich
159922 | Zig:14   | Killed an ancient lich
159943 | Zig:14   | Identified the +9 longbow of Earthquakes {antimagic, rF+
                  | Will- Str+3 Dex+5}
160016 | Zig:15   | Entered Level 15 of a ziggurat
160036 | Zig:15   | Noticed an ancient lich
160038 | Zig:15   | Killed an ancient lich
160652 | Zot:5    | Noticed an orb of fire
160652 | Zot:5    | Noticed an orb of fire
160660 | Zot:5    | Killed an orb of fire
160661 | Zot:5    | Noticed an orb of fire
160663 | Zot:5    | Killed an orb of fire
160670 | Zot:5    | Killed an orb of fire
161164 | Zot:5    | Paralysed by a Zot trap for 4 turns
161178 | Zot:5    | Noticed a dread lich
161182 | Zot:5    | Noticed an orb of fire
161182 | Zot:5    | Noticed an orb of fire
161184 | Zot:5    | Killed a dread lich
161199 | Zot:5    | Killed an orb of fire
161200 | Zot:5    | Noticed an orb of fire
161240 | Zot:5    | Gained mutation: Armour fits poorly on your strangely
                  | shaped body. [mutagenic glow]
161252 | Zot:5    | Lost mutation: You are robust. (+10% HP) [an orb of fire]
161385 | Zot:5    | Killed an orb of fire
161386 | Zot:5    | Killed an orb of fire
161814 | Zot:5    | Got the Orb of Zot
162131 | D:12     | Noticed Oriyng the pandemonium lord
162132 | D:12     | Killed Oriyng the pandemonium lord
162360 | D:$      | Escaped with the Orb!

Illustrated notes

Levels and vault maps discovered:
D:1:      erik_arrival_blinker_ship, layout_loops_cross, minmay_rat_gold_closets
D:2:      layout_loops_ring, kennysheep_generic_room_15
D:3:      layout_basic, mainiacjoe_overflow_six_doors_small, glass_columns_c,
          uniq_sigmund, uniq_ijyb, uniq_grinder, uniq_jessica
D:4:      layout_basic, zin_scriptorium, minmay_temple_entry_steel_oval,
          minmay_misc_feat_encased, uniq_duvessa, uniq_crazy_yiuf_cottage,
          uniq_natasha
D:5:      wander_river, layout_basic, kennysheep_mini,
          hangedman_decor_diamond_cutter, minmay_holes, serial_bayou_pond_c,
          uniq_menkaure, uniq_edmund
D:6:      layout_rooms, kennysheep_mini_moat
D:7:      layout_loops_ring, dk_noncrumbling_3, uniq_prince_ribbit1, uniq_pikel
D:8:      layout_cave_pods, gammafunk_temple_overflow_elements,
          nicolae_shop_vocational
D:9:      layout_cave_pools, old_standard_altar,
          mainiacjoe_overflow_surrounded_room, serial_bayou,
          serial_bayou_lagoon_a, serial_bayou_pond_a, serial_bayou_shore_a,
          serial_bayou_shore_b, serial_bayou_crossing, grunt_ministairs_4
D:10:     layout_rooms, nemelex_spade_bored_becter, david_lair_generic,
          nicolae_figureground_pulse, uniq_maggie
D:11:     layout_gridville, special_room [special_room_bee],
          portal_ice_cave_entry_pillars_1
D:12:     layout_roguey, orc_david_3, minmay_diamond_spiral
D:13:     layout_roguey, david_vaults_5, grunt_decor_junction, uniq_snorg
D:14:     layout_cross, old_standard_altar, minmay_checkered_concentric_circles,
          uniq_rupert
D:15:     gammafunk_depths_entry_grave, layout_cave_pools, serial_shops, shop,
          shop, shop, skrybe_limestone_x, trove_entry_hex_spiral
Temple:   nicolae_temple_god_jail
Lair:1:   cheibrodos_lair_river_kwai, layout_regular_city,
          infiniplex_staircase_pool_2, grunt_megastairs_1, lemuel_fruit_fields
Lair:2:   layout_cave_pods, uniq_amaemon, uniq_erica
Lair:3:   layout_chaotic_city, nicolae_swamp_entry_splash_gauntlet,
          spider_nest_entry_funnel_web
Lair:4:   layout_gridlike, bobbens_dragon_lair_wall
Lair:5:   minmay_lair_end_enchanted_forest, layout_regular_city, slime_entry_1,
          gauntlet_entry_generic, small_statue_intersection,
          nicolae_lair_liquid_snakes
Swamp:1:  layout_basic_swamp, evilmike_swamp_ruin_house_2,
          infiniplex_staircase_pool
Swamp:2:  layout_basic_swamp, evilmike_swamp_ruin_rubble_1, swamp_pool5
Swamp:3:  layout_basic_swamp, hangedman_swamp_pad
Swamp:4:  byrel_swamp_growth_death_and_undeath, layout_basic_swamp,
          gammafunk_ghost_grave, swamp_pool5, hangedman_swamp_blocks,
          basic_altar, uniq_donald
Spider:1: layout_cave_pods, uniq_frances
Spider:2: layout_spider_delve, nicolae_spider_stair_cavern, uniq_arachne
Spider:3: layout_spider_delve, nicolae_spider_some_kinda_spiderbox,
          hangedman_spider_tarantella_strand
Spider:4: grunt_spider_rune_circles
Slime:1:  layout_caves
Slime:2:  layout_caves
Slime:3:  layout_caves
Slime:4:  layout_caves, uniq_dissolution
Slime:5
Orc:1:    layout_caves, basic_altar, gammafunk_ghost_smash, uniq_gastronok
Orc:2:    st_orc_elflike, layout_caves, basic_altar, nicolae_orc_bridge_out,
          nicolae_shop_gadgets
Elf:1:    nicolae_elf_arrival_aired_out, layout_gridlike, serial_shops, shop,
          serial_sigils, serial_sigils_hangedman_confine,
          serial_sigils_hangedman_leer, serial_sigils_hangedman_writhe,
          serial_sigils_hangedman_stare, serial_sigils_hangedman_scratch,
          minmay_elf_sorcery, serial_sigils_hangedman_gnaw, st_stairs_6,
          drop_trap, uniq_louise
Elf:2:    elven_hall_of_blades_hangedman_original
          [nicolae_blade_entry_floor_patterns], layout_rooms, minivault_16
Elf:3:    minmay_elf_hall_furrowed, layout_onion_city, uniq_saint_roka
Vaults:1: gammafunk_ghost_fury_of_okawaru, grunt_vaults_focal, v_misc_16,
          nicolae_vaults_bisected_slash, nicolae_vaults_mini_display_case,
          ontoclasm_vaults_eye, v_misc_4, hangedman_vaults_cutoff,
          hangedman_vaults_slice, nicolae_vaults_border_crossing,
          vaults_dpeg_doors, v_misc_15, layout_vaults_maze_snakey
Vaults:2: vaults_room_door_hall, nicolae_vaults_disjoint_gnomons, v_misc_22,
          nicolae_vaults_little_squares_6, grunt_vaults_twisty,
          vaults_room_pool, layout_vaults_omnigrid, serial_shops, shop,
          uniq_sojobo
Vaults:3: v_misc_17, minmay_crypt_entry_necro_gods,
          vaults_standard_mumra_enter_the_diamond, nicolae_vaults_circle_grid_a,
          nicolae_vaults_network_s, vaults_room_pools, vaults_mumra_hexcomb,
          v_pattern_4, hangedman_vaults_impose, dpeg_vaults_monster_box,
          not_door_vault_due, vaults_dpeg_cross,
          nicolae_vaults_network_quinsquares
          [nicolae_vaults_network_quincunx_subvault,
          nicolae_vaults_network_quincunx_subvault,
          nicolae_vaults_network_quincunx_subvault,
          nicolae_vaults_network_quincunx_subvault], layout_vaults_omnicross,
          serial_shops, nicolae_shop_waterfront
Vaults:4: nicolae_vaults_little_squares_6, vaults_room_ringed_pool,
          ontoclasm_vaults_twist, nicolae_vaults_little_squares_1,
          hangedman_vaults_impose, dpeg_vaults_monster_row, v_misc_17,
          vaults_room_pool, v_misc_5, hangedman_vaults_capsules,
          layout_vaults_big_room, serial_shops, shop,
          nicolae_shop_competitors_out_of_business, shop_statue,
          nicolae_shop_hallway_plus, shop
Vaults:5
Crypt:1:  layout_regular_city
Crypt:2:  layout_gridlike
Crypt:3:  david_glass_crypt, layout_chaotic_city
Tomb:1
Tomb:2
Tomb:3:   uniq_boris
Depths:1: layout_long_grid, enter_ziggurat_b, hangedman_coc_ice_floe,
          rand_demon_pan_entry_4, abyss_entry_small_statue_room,
          minmay_misc_feat_ornament, elyvilon_altar_3, minmay_shop_star
Depths:2: kennysheep_windowed_halls, layout_gridville, mu_enter_wizlab_3,
          minmay_staircase_bubble, serial_shops, nicolae_shop_behind_doors,
          rand_demon_pan_entry_7, hell_entry, grunt_decor_cap, uniq_enchantress
Depths:3: grunt_bent_corner, layout_cave_shapes, hell_entry, serial_shops, shop,
          nicolae_gozag_conspicuous_consumption, abyss_entry,
          serial_bayou_shore_b, grunt_megastairs_4,
          infiniplex_staircase_spiral_double, minmay_shop_grove
Depths:4: grunt_zot_entry_hairpin, layout_cave_shapes, grunt_metal_band,
          nzn_wu_jian_contemplation, serial_sigils_hangedman_scar,
          minmay_shoptagon
Hell
Dis:1:    layout_gridville
Dis:2:    layout_overlapping_boxes, nicolae_dis_strange_trophy_room
Dis:3:    nicolae_dis_circle_tower, layout_gridville
Dis:4:    layout_gridville
Dis:5:    layout_regular_city, hangedman_dis_chains
Dis:6:    layout_subdivisions
Dis:7:    iron_city_of_dis [dis_mu, dis_wall_5], layout_gridville
Geh:1:    layout_gehenna_pools_basic
Geh:2:    layout_gehenna_lava_caves
Geh:3:    layout_gehenna_pools_triple
Geh:4:    layout_gehenna_lava_caves
Geh:5:    layout_gehenna_lava_caves
Geh:6:    layout_gehenna_pools_box
Geh:7:    geh_grunt_pentagon
Coc:1:    layout_ice_bergs
Coc:2:    layout_ice_bergs
Coc:3:    layout_ice_bergs
Coc:4:    layout_cocytus_water_paths
Coc:5:    nicolae_coc_on_the_berg
Coc:6:    layout_cocytus_water_paths
Coc:7:    coc_mu
Tar:1:    layout_catacombs
Tar:2:    layout_grid_maze
Tar:3:    layout_cathedral_of_symmetry
Tar:4:    layout_catacombs
Tar:5:    layout_cathedral_of_symmetry
Tar:6:    layout_grid_maze
Tar:7:    tar_minmay_river
Zot:1:    layout_gridlike, zot_minivault_1
Zot:2:    layout_gridville, st_stairs_2
Zot:3:    hangedman_snap_crack_crunch, layout_onion, grunt_ministairs_5
Zot:4:    layout_gridlike, hangedman_player_shredder
Zot:5:    layout_twisted_circle, st_stairs_5

Skill      XL: |  1  2  3  4  5  6  7  8  9 10 11 12 13 14 15 16 17 18 19 20 21 22 23 24 25 26 27 |
---------------+----------------------------------------------------------------------------------+-----
Transmutations | 1 3 5 6 |  6.5
Earth Magic    | 4 5 6 7 9 10 11 12 13 15 17 19 20 22 23 24 26 27 | 27.0
Fighting       | 1 2 3 4 5 6 7 8 9 10 11 12 27 | 27.0
Conjurations   | 1 2 3 4 6 7 8 10 11 12 13 15 16 18 19 21 22 23 24 27 | 27.0
Armour         | 1 2 3 4 5 7 8 27 | 27.0
Staves         | 1 2 3 4 5 |  5.3
Evocations     | 1 2 3 4 5 6 10 13 14 | 14.0
Spellcasting   | 3 4 5 6 7 8 9 10 11 12 13 14 15 16 17 18 19 27 | 27.0
Summonings     | 3 5 6 10 13 15 27 | 27.0
Shields        | 3 6 8 9 11 12 13 14 15 27 | 27.0
Dodging        | 20 | 20.3
Ice Magic      | 27 | 27.0
Necromancy     | 13 | 13.4
Translocations | 12 | 12.0
Hexes          | 12 | 12.0
Stealth        | |  2.1

Action                     |  1- 3 |  4- 6 |  7- 9 | 10-12 | 13-15 | 16-18 | 19-21 | 22-24 | 25-27 || total
---------------------------+-------+-------+-------+-------+-------+-------+-------+-------+-------++-------
  Melee: Whip              |    32 |       |       |       |       |       |       |       |       ||    32
         Unarmed           |     2 |       |       |       |       |       |       |       |       ||     2
         Staff             |    21 |    21 |   102 |   129 |   290 |   155 |    81 |    80 |  1273 ||  2152
         Punch             |     2 |       |       |     2 |       |       |       |       |       ||     4
         Scimitar          |       |       |       |       |       |    31 |       |       |       ||    31
   Cast: Sandblast         |    63 |    48 |   118 |    48 |    87 |    29 |     1 |       |   551 ||   945
         Stone Arrow       |       |       |    33 |   268 |   573 |   877 |   141 |   153 |   574 ||  2619
         Animate Armour    |       |       |       |    10 |    46 |    66 |    24 |    12 |   217 ||   375
         Passwall          |       |       |       |       |     1 |       |       |       |       ||     1
         Lee's Rapid Decon |       |       |       |       |       |   177 |   312 |   112 |   590 ||  1191
         Borgnjor's Vile C |       |       |       |       |       |    27 |    28 |     4 |    32 ||    91
         Lehudib's Crystal |       |       |       |       |       |     6 |    44 |   232 |   910 ||  1192
         Shatter           |       |       |       |       |       |       |    12 |    45 |   582 ||   639
         Petrify           |       |       |       |       |       |       |     5 |     1 |     6 ||    12
         Spellforged Servi |       |       |       |       |       |       |       |    14 |   306 ||   320
         Blink             |       |       |       |       |       |       |       |       |     8 ||     8
         Dragon's Call     |       |       |       |       |       |       |       |       |   100 ||   100
         Summon Cactus Gia |       |       |       |       |       |       |       |       |    43 ||    43
         Summon Guardian G |       |       |       |       |       |       |       |       |    39 ||    39
         Polar Vortex      |       |       |       |       |       |       |       |       |     5 ||     5
         Summon Hydra      |       |       |       |       |       |       |       |       |     2 ||     2
  Evoke: Wand              |       |       |     1 |     2 |    22 |    56 |    10 |     4 |    84 ||   179
         Box of beasts     |       |       |       |       |     2 |     2 |       |       |    10 ||    14
         Condenser vane    |       |       |       |       |     1 |     3 |     1 |       |     5 ||    10
         Tin of tremorston |       |       |       |       |       |       |       |       |     7 ||     7
         Phial of floods   |       |       |       |       |       |       |       |       |     1 ||     1
         Phantom mirror    |       |       |       |       |       |       |       |       |     9 ||     9
         Figurine of a zig |       |       |       |       |       |       |       |       |     1 ||     1
    Use: Scroll            |       |     5 |     2 |     9 |    14 |    23 |     7 |     4 |    56 ||   120
         Potion            |       |       |     9 |     2 |     5 |    11 |     2 |       |    98 ||   127
   Stab: Invisible         |       |       |     6 |       |       |       |       |       |       ||     6
         Distracted        |       |       |       |       |     1 |     1 |       |       |    18 ||    20
         Sleeping          |       |       |       |       |       |       |     1 |       |       ||     1
         Paralysed         |       |       |       |       |       |       |       |       |     4 ||     4
 Armour: Robe              |     9 |       |       |       |       |       |       |       |       ||     9
         Ring mail         |    13 |    35 |    61 |       |       |       |       |       |       ||   109
         Scale mail        |       |       |    48 |   221 |   336 |   739 |   118 |    91 |       ||  1553
         Quicksilver drago |       |       |       |       |       |       |       |    47 |  1582 ||  1629
         Crystal plate arm |       |       |       |       |       |       |       |       |   290 ||   290
  Dodge: Dodged            |    50 |    28 |   133 |   148 |   161 |   250 |    57 |    56 |  1104 ||  1987
         Repelled          |       |       |       |       |    14 |    20 |     1 |     8 |    65 ||   108
  Block: Other             |       |       |       |    59 |    12 |       |       |       |       ||    71
         Reflection        |       |       |       |     6 |    18 |    36 |    55 |    47 |   223 ||   385
         Kite shield       |       |       |       |       |   577 |   983 |   224 |   228 |   976 ||  2988
         Buckler           |       |       |       |       |       |       |       |       |  1170 ||  1170

Table legend: (Time is in decaauts)
 A = Elapsed time spent in this place.
 B = Non-inter-level travel time spent in this place.
 C = Inter-level travel time spent in this place.
 D = Time resting spent in this place.
 E = Time spent auto-exploring this place.
 F = Levels seen in this place.
 G = Mean time per level.
                   A        B        C        D        E       F      G
               +--------+--------+--------+--------+--------+-----+--------+
         Total | 163308 | 154403 |   8905 |  49546 |  68388 | 154 | 1060.4 |
       Dungeon |  20287 |  17500 |   2787 |   1364 |  13297 |  15 | 1352.5 |
        Temple |     38 |     21 |     17 |      0 |      8 |   1 |   38.0 |
          Lair |   8907 |   8010 |    897 |    610 |   5707 |   5 | 1781.4 |
         Swamp |   7671 |   7503 |    168 |   2126 |   3833 |   4 | 1917.8 |
   Spider Nest |  11080 |  10593 |    487 |   4619 |   3521 |   4 | 2770.0 |
    Slime Pits |   5660 |   5474 |    186 |   3667 |    920 |   5 | 1132.0 |
  Orcish Mines |   2301 |   2185 |    116 |    356 |   1407 |   2 | 1150.5 |
   Elven Halls |   5029 |   4889 |    140 |    678 |   3292 |   3 | 1676.3 |
        Vaults |  13391 |  12315 |   1076 |   3107 |   7390 |   5 | 2678.2 |
         Crypt |   4621 |   4380 |    241 |   1121 |   2567 |   3 | 1540.3 |
          Tomb |   5429 |   5197 |    232 |   1931 |   1676 |   3 | 1809.7 |
        Depths |  11034 |   9301 |   1733 |   2051 |   5745 |   4 | 2758.5 |
          Hell |   4538 |   4216 |    322 |   2814 |    667 |   1 | 4538.0 |
           Dis |   4501 |   4412 |     89 |   3057 |    250 |   7 |  643.0 |
       Gehenna |   2485 |   2485 |      0 |   1158 |     93 |   7 |  355.0 |
       Cocytus |   4387 |   4386 |      1 |   2264 |    519 |   7 |  626.7 |
      Tartarus |   3920 |   3891 |     29 |   1929 |    715 |   7 |  560.0 |
           Zot |   9841 |   9465 |    376 |   2676 |   4962 |   5 | 1968.2 |
         Abyss |    973 |    973 |      0 |     73 |    242 |   7 |  139.0 |
   Pandemonium |  27365 |  27365 |      0 |   8675 |  10265 |  13 | 2105.0 |
      Ziggurat |   5865 |   5865 |      0 |   3005 |    740 |  42 |  139.6 |
         Trove |     44 |     44 |      0 |      0 |      3 |   1 |   44.0 |
      Ice Cave |   2559 |   2559 |      0 |   1917 |    154 |   1 | 2559.0 |
        Wizlab |    607 |    607 |      0 |    167 |    173 |   1 |  607.0 |
      Gauntlet |    764 |    764 |      0 |    179 |    241 |   1 |  764.0 |
               +--------+--------+--------+--------+--------+-----+--------+

Top non-repeatable levels by time:
    Hell: 4538 daAuts
 Swamp:4: 3823 daAuts
Vaults:3: 3578 daAuts
Spider:3: 3409 daAuts
  Tomb:1: 3256 daAuts
Depths:2: 3183 daAuts
Depths:3: 3073 daAuts
Vaults:4: 3065 daAuts
Spider:4: 2995 daAuts
Vaults:1: 2935 daAuts
Depths:4: 2712 daAuts
   IceCv: 2559 daAuts
   Zot:4: 2514 daAuts
Spider:1: 2478 daAuts
 Crypt:3: 2302 daAuts
